Cogmind - Beta 10.1 @@@ ROGUE MODE // 2020.09.21 @ 10:01:58 Player: muxecoid Result: Establishing 0b11! Performance ------------- Evolutions (9) 4500 Regions Visited (40) 8000 Robots Destroyed (349) 1745 Value Destroyed (15103) 15103 Prototype IDs (78) 1560 Alien Tech Used (11) 2200 Bonus (30711) 30711 TOTAL SCORE: 63819 Bonus ------- High Alert Combat Kills 1158 Follower Combat Kills 2930 Network Hubs Disabled 400 Met Data Miner 300 Met Imprinter 300 Destroyed Z-Imprinter 1000 Met Zhirov 300 Built Enhanced Grunts 300 A7 Reached Mainframe 300 Met R17 at Cetus 500 Destroyed MAIN.C Guards 500 Met MAIN.C 5000 Destroyed MAIN.C Shell 5000 Destroyed MAIN.C 10000 Met Architect 300 Win 3000 Friendly Fire -577 Cogmind --------- Core Integrity 1029/1600 Matter 223/300 Energy 1224/1240 System Corruption 1% Temperature Cool (16) Movement Flying (17) Location 0b11 Command Parts ------- > --- POWER (1) -------- Zero-point Reactor > --- PROPULSION (4) --- Improved Q-thruster Cooled Q-thruster Experimental Q-thruster Experimental Q-thruster > --- UTILITY (18) ----- Improved Fusion Compressor Advanced Power Amplifier Large Storage Unit Experimental Energy Well Inertial Stasis Machine Dimensional Manipulator Long-range Terrain Scanner Surveybot 24 Chip Experimental Melee Analysis Suite Experimental Target Analyzer Advanced Armor Integrity Analyzer Femtoactuators Advanced Reaction Control System Improved Utility Shielding Layered Medium Armor Plating Light Regenerative Plating Advanced Force Field > --- WEAPON (3) ------- Nanosword Plasma Lance Plasma Lance > --- INVENTORY (12) --- Zero-point Reactor Cooled Impulse Thruster Improved Q-thruster Medium Storage Unit Experimental Energy Well (1000) Experimental Matter Compressor (500) Advanced Actuator Array Experimental Transmission Jammer Transdimensional Reconstructor Fusion Bomb Launcher Peak State ------------ > --- POWER ------------ Compact Particle Reactor > --- PROPULSION ------- Improved Q-thruster Cooled Q-thruster Experimental Q-thruster Experimental Q-thruster > --- UTILITY ---------- Improved Fusion Compressor Advanced Power Amplifier Medium Storage Unit Large Storage Unit Experimental Energy Well Experimental Matter Compressor Inertial Stasis Machine Dimensional Manipulator Surveybot 24 Chip Experimental Melee Analysis Suite Advanced Target Analyzer Advanced Armor Integrity Analyzer Femtoactuators Advanced Actuator Array Advanced Reaction Control System Layered Medium Armor Plating Light Regenerative Plating Advanced Force Field > --- WEAPON ----------- Nanosword Plasma Lance Plasma Lance > --- INVENTORY -------- Light Neutrino Core Zero-point Reactor Cooled Impulse Thruster Improved Q-thruster Improved Energy Well Improved Energy Well Long-range Terrain Scanner Experimental Transmission Jammer Advanced ECM Suite Transdimensional Reconstructor Transdimensional Reconstructor Integrity Redistributor Integrity Redistributor Subatomic Replicator Enhanced Nova Cannon Fusion Bomb Launcher [Rating: 217] Favorites ----------- Power Micro Fission Core Engine Improved Deuterium Engine Power Core Micro Fission Core Reactor Antimatter Reactor Propulsion Carbon-fiber Leg Treads Heavy Treads Leg Carbon-fiber Leg Wheel Compact Wheel Hover Unit Gravmag System Flight Unit Experimental Q-thruster Utility Large Storage Unit Device Experimental Sensor Array Storage Large Storage Unit Processor Surveybot 24 Chip Hackware Improved Hacking Suite Protection Centrium Medium Armor Plating Weapon Railgun Energy Gun Force Rifle Energy Cannon Phase Cannon Ballistic Gun Railgun Ballistic Cannon Mass Driver Launcher Shock Bomb Launcher Special Weapon Remote Datajack Slashing Weapon Phasing Sabre Piercing Weapon Plasma Lance Build | -11 -10 -10 -10 -9 -8 -7 -7 -7 -7 -7 -7 -6 -6 -6 -6 -6 -6 -5 -5 -5 -5 -5 -5 -5 -5 -4 -4 -4 -4 -4 -4 -3 -3 -3 -3 -2 -2 -1 -1 -1 ------- Run | Scr Mat Min Exi Min Mat Fac Was Fac Low Low Dat Pro Fac Low Low Zio Dee Pro Fac Was Fac Ext Cet Arc Hub Fac Was Fac Upp Upp Zhi Pro Res Qua Sec Res Tes Acc Com Ac0 Slots Evolved 18 | . . . . . 4 2 . . . . . . 2 . . . . . 2 . . . . . . 2 . . . . . . 2 . . 2 . 2 . . Power . | . . . . . . . . . . . . . . . . . . . . . . . . . . . . . . . . . . . . . . . . . Propulsion 2 | . . . . . . . . . . . . . . . . . . . 1 . . . . . . 1 . . . . . . . . . . . . . . Utility 16 | . . . . . 4 2 . . . . . . 2 . . . . . 1 . . . . . . 1 . . . . . . 2 . . 2 . 2 . . Weapon . | . . . . . . . . . . . . . . . . . . . . . . . . . . . . . . . . . . . . . . . . . Parts Attached 651 | 6 2 2 1 7 13 37 8 11 14 16 3 4 52 20 2 . 37 6 37 4 40 14 15 2 12 21 2 6 1 2 6 6 17 20 55 48 29 35 36 2 Power 29 | 1 1 . . 1 1 5 2 . . . . 1 2 2 . . 1 . . . 3 1 1 . . 1 . . . . . . . . 2 1 . 1 2 . Engine 11 | 1 1 . . 1 1 5 . . . . . . 1 1 . . . . . . . . . . . . . . . . . . . . . . . . . . Core 7 | . . . . . . . . . . . . 1 1 . . . . . . . . 1 . . . 1 . . . . . . . . 2 . . 1 . . Reactor 11 | . . . . . . . 2 . . . . . . 1 . . 1 . . . 3 . 1 . . . . . . . . . . . . 1 . . 2 . Propulsion 66 | 2 . 1 . 1 2 8 1 . . . . . 4 2 . . 8 . 9 . 4 2 2 1 . 3 1 . . . . . . 6 . 6 2 . . 1 Treads 18 | . . 1 . . 2 1 1 . . . . . 2 . . . 4 . . . 1 2 2 1 . 1 . . . . . . . . . . . . . . Leg 10 | . . . . . . . . . . . . . . 2 . . 3 . 5 . . . . . . . . . . . . . . . . . . . . . Wheel 15 | 2 . . . 1 . 4 . . . . . . 2 . . . . . 3 . 3 . . . . . . . . . . . . . . . . . . . Hover 4 | . . . . . . 3 . . . . . . . . . . 1 . . . . . . . . . . . . . . . . . . . . . . . Flight 19 | . . . . . . . . . . . . . . . . . . . 1 . . . . . . 2 1 . . . . . . 6 . 6 2 . . 1 Utility 359 | 1 . . 1 . 4 11 3 6 7 3 . 1 21 9 1 . 19 2 18 1 18 4 6 . 10 13 1 5 1 . 4 5 16 14 39 31 21 30 32 1 Device 220 | . . . . . 2 5 1 . 4 . . . 7 5 . . 4 . 11 1 14 2 2 . 5 5 1 3 . . 3 4 11 12 33 23 17 26 18 1 Storage 36 | 1 . . 1 . . . 1 3 1 . . . 2 1 . . 4 . 3 . . . . . 1 . . 1 1 . . 1 1 1 3 5 1 . 4 . Processor 16 | . . . . . . 2 . . . . . . 1 . 1 . 1 1 1 . 1 . 1 . . 1 . 1 . . . . . . . . . 1 4 . Hackware 23 | . . . . . . 1 . . . . . . 5 . . . . . 2 . 1 . . . . 5 . . . . . . 2 . 2 3 2 . . . Protection 64 | . . . . . 2 3 1 3 2 3 . 1 6 3 . . 10 1 1 . 2 2 3 . 4 2 . . . . 1 . 2 1 1 . 1 3 6 . Artifact . | . . . . . . . . . . . . . . . . . . . . . . . . . . . . . . . . . . . . . . . . . Weapon 197 | 2 1 1 . 5 6 13 2 5 7 13 3 2 25 7 1 . 9 4 10 3 15 7 6 1 2 4 . 1 . 2 2 1 1 . 14 10 6 4 2 . Energy Gun 32 | 1 . . . 2 1 2 . . . 1 1 . 5 2 1 . 6 1 3 1 3 . 1 . . . . . . . . . . . 1 . . . . . Energy Cannon 22 | . . . . . . 1 1 1 . . . . 2 . . . 1 . . . 2 1 . . . . . . . . . . . . 5 1 4 2 1 . Ballistic Gun 72 | 1 1 1 . 1 5 6 1 3 1 5 2 1 8 3 . . 2 1 5 . 9 4 4 1 2 2 . 1 . 1 1 . . . . . . . . . Ballistic Cannon 5 | . . . . . . . . . . . . . . . . . . . . . . . . . . . . . . . . . . . 3 2 . . . . Launcher 32 | . . . . 2 . 3 . . 4 4 . 1 4 2 . . . 2 1 2 1 . . . . . . . . 1 . 1 . . 2 2 . . . . Special Weapon 4 | . . . . . . . . . . . . . 2 . . . . . 1 . . 1 . . . . . . . . . . . . . . . . . . Impact Weapon . | . . . . . . . . . . . . . . . . . . . . . . . . . . . . . . . . . . . . . . . . . Slashing Weapon 22 | . . . . . . 1 . 1 2 3 . . 4 . . . . . . . . 1 1 . . 2 . . . . 1 . 1 . 3 2 . . . . Piercing Weapon 8 | . . . . . . . . . . . . . . . . . . . . . . . . . . . . . . . . . . . . 3 2 2 1 . Special Melee Weapon . | . . . . . . . . . . . . . . . . . . . . . . . . . . . . . . . . . . . . . . . . . Unidentified Prototypes 40 | . . . . . . 2 . . . 1 . . . . . . 11 . 2 . . . 4 . . . . . . . 3 . . . 4 1 2 1 8 1 Parts Lost 108 | . 1 2 . 7 3 15 . 1 1 3 . . 10 7 . . 9 1 5 . 16 5 . . 2 4 1 . . . . . . 2 . 9 2 1 1 . Power 11 | . 1 . . 2 . 1 . . . . . . . 2 . . 1 . . . 2 1 . . . . . . . . . . . . . 1 . . . . Propulsion 23 | . . 1 . 2 . 4 . . . . . . 4 . . . 2 . 1 . 4 1 . . . . . . . . . . . . . 4 . . . . Utility 38 | . . . . . . 4 . . 1 2 . . 2 2 . . 4 1 2 . 5 2 . . . 3 1 . . . . . . 2 . 3 2 1 1 . Weapon 36 | . . 1 . 3 3 6 . 1 . 1 . . 4 3 . . 2 . 2 . 5 1 . . 2 1 . . . . . . . . . 1 . . . . Highest Loss Streak 9 | . 1 2 . 5 2 7 . 1 1 2 . . 3 6 . . 9 1 4 . 3 4 . . 2 2 1 . . . . . . 1 . 3 2 1 1 . Average Slot Usage (%) 90 | . 85 85 94 98 76 83 77 85 92 91 72 91 91 97 100 100 88 90 83 83 90 91 93 94 91 83 79 81 80 80 80 80 80 85 87 87 95 99 99 100 Engine 1 | . 14 14 14 13 7 6 1 . . . . . 1 3 6 6 2 . . . . . . . . . . . . . . . . . . . . . . . Core 1 | . . . . . . . . . . . . 2 4 . . . . . . . . 3 2 . . . 5 5 5 5 5 5 4 4 4 2 . 1 . . Reactor 2 | . . . . . . . 5 7 7 7 7 4 . 2 . . 3 6 5 5 4 . 2 5 5 4 . . . . . . . . . 1 4 1 2 3 Treads 3 | . . 8 14 14 6 1 5 7 7 7 7 7 5 . . . 3 . . . 2 8 11 11 11 13 . . . . . . . . . . . . . . Leg 2 | . . . . . . . . . . . . . . 11 12 12 8 12 3 . . . . . . . . . . . . . . . . . . . . . Wheel 1 | . 28 19 14 14 9 5 . . . . . . 3 . . . . . 8 11 7 . . . . . . . . . . . . . . . . . . . Flight 4 | . . . . . . . . . . . . . . . . . . . . . . . . . . 1 10 10 10 10 10 10 9 12 13 14 16 15 15 15 Device 10 | . . . . . 12 20 4 . 6 7 7 7 4 12 12 12 7 6 6 5 13 5 7 11 4 7 9 12 15 15 12 13 13 12 12 14 17 20 28 34 Storage 19 | . 14 14 22 28 18 7 13 27 30 29 28 28 25 26 25 25 19 28 22 22 20 16 16 16 21 18 5 5 5 10 10 11 9 10 12 13 13 15 11 7 Processor 9 | . . . . . . 9 15 8 7 7 7 7 8 6 11 12 15 12 8 5 8 11 15 16 14 10 15 12 10 10 10 10 9 9 9 8 8 7 14 15 Hackware 10 | . . . . . . 3 7 7 7 . . . 10 4 . . . . 5 11 12 16 7 . . 2 25 25 25 25 25 25 30 28 26 26 25 19 2 . Protection 7 | . . . . . 6 9 6 9 7 14 14 14 8 9 12 12 9 5 4 5 1 9 12 16 15 12 5 5 4 . 2 . . 1 1 . . 4 10 11 Energy Gun 1 | . 9 . . 2 . . . . . 2 . 5 2 2 2 6 9 2 2 5 2 . . . . . . . . . . . . . . . . . . . Ballistic Gun 8 | . 18 28 28 22 15 5 5 11 5 6 1 15 12 11 15 12 8 15 12 . 11 14 14 16 15 13 . 1 . 4 1 5 . . . . . . . . Slashing Weapon 1 | . . . . . . 3 . 2 4 1 . . . . . . . . . . . . . . . . 5 5 5 . 3 . 3 4 3 2 4 3 3 3 Naked Turns . | . . . . . . . . . . . . . . . . . . . . . . . . . . . . . . . . . . . . . . . . . Heaviest Build 146 | 10 10 9 17 22 28 33 95 96 87 90 88 88 129 109 102 95 129 130 137 135 135 82 103 103 145 146 26 38 39 41 41 43 53 58 61 73 80 84 96 86 Greatest Support 131 | 26 26 26 16 20 20 40 85 70 70 70 70 70 70 30 30 30 60 30 45 44 44 93 103 108 108 131 43 43 43 43 43 43 59 68 69 79 81 97 97 97 Greatest Overweight (x) 41 | . . . 1 1 1 2 1 1 1 1 1 1 41 9 3 3 4 4 4 3 4 2 . . 1 1 . . . . . . . . 3 3 4 1 1 . Average Overweight (x) . | . . . . . . . . . 1 1 1 1 5 3 3 3 1 3 2 2 2 . . . . . . . . . . . . . . . . . . . Largest Inventory Capacity 26 | 6 6 6 10 10 10 10 14 26 26 26 26 26 26 26 26 26 26 26 26 26 26 20 20 20 24 24 8 10 14 14 14 14 14 14 20 26 22 22 22 12 Average Capacity 20 | 5 6 6 8 10 10 8 12 21 26 26 26 26 26 26 26 26 17 26 25 26 24 20 20 20 23 22 8 8 10 14 14 14 14 14 18 20 22 22 16 12 Most Carried 26 | 4 6 6 6 8 10 10 14 26 26 26 25 26 26 26 26 26 26 26 26 25 26 20 20 20 24 21 8 10 10 10 14 14 14 14 20 22 22 22 22 10 Average Carried 19 | 2 4 5 6 6 6 7 12 19 25 24 25 25 24 24 25 25 15 25 23 25 21 19 19 19 20 17 7 8 9 9 12 13 13 13 17 19 21 21 14 10 Final Capacity 26 | 6 6 6 10 10 10 8 14 26 26 26 26 26 26 26 26 26 26 26 26 26 20 20 20 20 24 8 8 10 14 14 14 14 14 14 20 22 22 22 16 12 Final Carried 26 | 4 6 6 6 5 10 8 14 26 26 25 25 26 24 25 26 26 26 26 25 25 20 20 20 20 20 7 8 10 10 10 14 14 14 14 20 21 22 22 15 10 Class Distribution -------------------- 17% | Scavenger-Mutant 14% | Hauler-Mutant 9% | Wizard-Ninja 9% | Scavenger-Gunner 9% | Scavenger-Tank 7% | Wizard-Sprinter 4% | Hauler-Tank 4% | Wizard-Scout 3% | Hauler-Skirmisher 3% | Wizard-Mutant 3% | Mutant Dominant Class ---------------- Mutant | -10/Materials Mutant | -10/Mines Mutant | -10/Exiles Mutant | -9/Mines Scavenger-Mutant | -8/Materials Scavenger-Scout | -7/Factory Scavenger-Mutant | -7/Waste Hauler-Mutant | -7/Factory Hauler-Mutant | -7/Lower Caves Hauler-Mutant | -7/Lower Caves Hauler-Mutant | -7/Data Miner Hauler-Tank | -6/Proximity Caves Hauler-Skirmisher | -6/Factory Scavenger-Tank | -6/Lower Caves Scavenger-Gunner | -6/Lower Caves Scavenger-Mutant | -6/Zion Scavenger-Mutant | -6/Deep Caves Scavenger-Gunner | -5/Proximity Caves Hauler-Skirmisher | -5/Factory Hauler-Mutant | -5/Waste Scavenger-Gunner | -5/Factory Scavenger-Tank | -5/Extension Scavenger-Tank | -5/Cetus Scavenger-Tank | -5/Archives Scavenger-Tank | -5/Hub_04(d) Scavenger-Tank | -4/Factory Wizard-Mutant | -4/Waste Wizard-Ninja | -4/Factory Wizard-Ninja | -4/Upper Caves Wizard-Scout | -4/Upper Caves Wizard-Ninja | -4/Zhirov Wizard-Scout | -3/Proximity Caves Wizard-Ninja | -3/Research Wizard-Ninja | -3/Quarantine Wizard-Sprinter | -3/Section 7 Wizard-Ninja | -2/Research Wizard-Ninja | -2/Testing Wizard-Ninja | -1/Access Machinist-Sprinter | -1/Command Machinist-Sprinter | -1/Access_0 Resources | -11 -10 -10 -10 -9 -8 -7 -7 -7 -7 -7 -7 -6 -6 -6 -6 -6 -6 -5 -5 -5 -5 -5 -5 -5 -5 -4 -4 -4 -4 -4 -4 -3 -3 -3 -3 -2 -2 -1 -1 -1 ----------- Run | Scr Mat Min Exi Min Mat Fac Was Fac Low Low Dat Pro Fac Low Low Zio Dee Pro Fac Was Fac Ext Cet Arc Hub Fac Was Fac Upp Upp Zhi Pro Res Qua Sec Res Tes Acc Com Ac0 Matter Collected 13458 | 176 105 46 . 33 221 366 341 407 208 485 . 448 899 653 68 10 545 223 924 . 1040 717 230 108 513 258 269 73 24 50 98 144 85 209 872 803 331 402 1074 . Remotely 276 | . . . . . . . . . . . . . . . . . . . . . 276 . . . . . . . . . . . . . . . . . . . Salvage Created 18227 | . 145 97 . 164 233 501 258 645 331 355 . 248 965 613 284 . 797 189 1244 . 2011 880 131 80 919 463 . 159 65 42 151 107 132 302 880 937 330 931 2638 . Parts 802 | . 7 12 . 6 19 24 5 38 16 14 . 9 55 24 3 . 69 15 55 . 84 33 12 7 51 15 . 3 1 4 1 6 2 4 27 51 14 43 73 . Haulers Intercepted 5 | . . . . . . . . . . . . . . . . . . . . . . . . . . 1 . . . . . . . . 1 2 . 1 . . Recyclers Shooed 15 | . 1 . . . . . . . . . . . 3 . . . . . 2 . 5 . . . . 2 . . . . . . . . 1 . 1 . . . Parts Field Recycled . | . . . . . . . . . . . . . . . . . . . . . . . . . . . . . . . . . . . . . . . . . Retrieved Matter . | . . . . . . . . . . . . . . . . . . . . . . . . . . . . . . . . . . . . . . . . . Parts Self-Destructed 62 | . . . . . . . . . 15 8 . 9 . 11 2 . . 8 . . . . . . . . . . . 2 1 6 . . . . . . . . Prevented 28 | . . . . . . . . . 3 5 . 4 . 14 . . . . . . . . . . . . . . . . . 2 . . . . . . . . Kills | -11 -10 -10 -10 -9 -8 -7 -7 -7 -7 -7 -7 -6 -6 -6 -6 -6 -6 -5 -5 -5 -5 -5 -5 -5 -5 -4 -4 -4 -4 -4 -4 -3 -3 -3 -3 -2 -2 -1 -1 -1 ------- Run | Scr Mat Min Exi Min Mat Fac Was Fac Low Low Dat Pro Fac Low Low Zio Dee Pro Fac Was Fac Ext Cet Arc Hub Fac Was Fac Upp Upp Zhi Pro Res Qua Sec Res Tes Acc Com Ac0 Combat Hostiles Destroyed 259 | . 3 6 . 19 7 11 1 12 9 8 . 4 14 10 . . 9 10 20 . 26 13 2 . 10 4 . . . 5 . 3 . . 6 16 2 7 22 . Melee 43 | . . . . . . 3 . . . . . . . . . . . . . . . 1 . . . . . . . . . . . . 1 7 2 7 22 . Guns 125 | . 3 6 . 2 7 3 . 8 . 3 . 4 13 4 . . 8 3 15 . 21 8 2 . 10 4 . . . . . 1 . . . . . . . . Cannons 9 | . . . . . . . 1 . . . . . . 1 . . 1 . . . 2 3 . . . . . . . . . . . . . 1 . . . . AOE 77 | . . . . 17 . 4 . 4 8 4 . . 1 4 . . . 7 5 . 3 . . . . . . . . 5 . 2 . . 5 8 . . . . Classes Destroyed 22 | . 2 . . 2 1 4 1 2 2 . . . 1 . . . 2 . . . . . . . . 1 . . . . . . . . 1 1 1 . 1 . Worker 21 | . . . . . . 2 . 5 . . . . 4 . . . . . . . 2 . . . 5 1 . . . . . . . . . 2 . . . . Builder 10 | . . . . . . . . 1 . . . . 1 . . . . . 1 . 2 . . . 3 . . . . . . . . . 1 1 . . . . Tunneler 1 | . . . . . . . . . . . . . . . . . . . . . . . . . . . . . . . . . . . . 1 . . . . Hauler 5 | . . . . . . . . . . . . . . . . . . . . . . . . . . 1 . . . . . . . . 1 2 . 1 . . Recycler 21 | . 1 . . . . 1 . 1 . . . . 2 . . . . . 2 . 2 . . . . . . 1 . . . . 1 2 5 1 1 . 1 . Operator 6 | . . . . . . . . 1 . . . . . . . . . . . . 2 . . 2 1 . . . . . . . . . . . . . . . Drone 2 | . . . . . . . . . . . . . . . . . . . . . . . . . . . . . . . . . . . 1 . 1 . . . Watcher 22 | . . . . . . 1 . . . . . . . . . . . . . . . 1 . . 1 1 . . . . . . . . 2 1 3 8 4 . Swarmer 71 | . 3 6 . . 4 3 . 4 3 3 . . 7 1 . . . 8 5 . 1 . . . 2 . . . . 5 . 1 . . 5 9 . . 1 . Grunt 51 | . . . . 2 . 2 . . . 2 . 3 1 6 . . . . 5 . 10 7 . . 4 4 . . . . . . . . . 2 . 2 1 . Brawler 5 | . . . . . . . . . 1 . . . . 1 . . . . . . 1 1 . . . . . . . . . . . . . . . . 1 . Duelist 9 | . . . . . . . . . 1 1 . 1 . . . . . . . . 1 . 1 . 1 . . . . . . . . . . . . . 3 . Sentry 33 | . . . . . 3 1 . 5 1 1 . . 2 1 . . . . 4 . 7 3 . . 3 . . . . . . . . . . . . . 2 . Specialist 2 | . . . . . . . . . . . . . . . . . . . . . . . . . . . . . . . . . . . . . 1 . 1 . Hunter 18 | . . . . . . 3 . . 2 . . . 1 . . . . . 2 . 2 . 1 . . . . . . . . . . . . 2 . 2 3 . Programmer 30 | . . . . . . 2 . 3 1 1 . . 2 . . . . 2 4 . 4 . . . . . . . . . . 2 . . . 3 . 3 3 . Behemoth 2 | . . . . . . . . . . . . . 1 1 . . . . . . . . . . . . . . . . . . . . . . . . . . Compactor 1 | . . . . . . . 1 . . . . . . . . . . . . . . . . . . . . . . . . . . . . . . . . . M Guard 2 | . . . . . . . . . . . . . . . . . . . . . . . . . . . . . . . . . . . . . . . 2 . Combat Programmer 2 | . . . . . . . . . . . . . . . . . . . . . . . . . . . . . . . . . . . . . . . 2 . Alpha 7 1 | . . . . . . . . . . . . . . . . . . . . . . . . . . . . . . . . . . . . . . . 1 . Z-Technician 2 | . . . . . . . . . . . . . . . . . 2 . . . . . . . . . . . . . . . . . . . . . . . Z-Light 8 | . . . . . . . . . . . . . . . . . 8 . . . . . . . . . . . . . . . . . . . . . . . Assembled 17 | . . . . 17 . . . . . . . . . . . . . . . . . . . . . . . . . . . . . . . . . . . . Thug 1 | . . . . . . . . . . . . . . . . . . . . . . 1 . . . . . . . . . . . . . . . . . . Butcher 1 | . . . . . . . . . . . . . . . . . . . . . . 1 . . . . . . . . . . . . . . . . . . Guerrilla 1 | . . . . . . . . . . . . . . . . . . . . . . . . . 1 . . . . . . . . . . . . . . . Fireman 1 | . . . . . . . . . . . . . . . . . 1 . . . . . . . . . . . . . . . . . . . . . . . Best Kill Streak 17 | . 4 3 . 17 4 7 1 8 3 6 . 4 5 4 . . 4 4 5 . 4 3 2 1 6 5 . 1 . 5 . 3 1 1 4 14 1 4 10 . Combat Bots Only 17 | . 3 3 . 17 4 5 1 4 3 6 . 4 5 4 . . 4 4 5 . 4 3 2 . 4 2 . . . 5 . 3 . . 3 6 1 2 10 . Max Kills in Single Turn 8 | . 1 1 . 5 1 2 1 8 2 2 . 1 2 2 . . 2 3 4 . 4 2 1 1 6 2 . 1 . 3 . 2 1 1 2 4 1 1 1 . Gunslinging 1 | . . . . . . . . . . 1 . . 1 1 . . 1 . . . 1 . . . . . . . . . . . . . . . . . . . Exploded 5 | . . . . 5 . 2 . 4 2 2 . . 1 1 . . . 3 4 . 3 . . . . . . . . 3 . 2 . . 2 3 . . . . Melee 1 | . . . . . . 1 . . . . . . . . . . . . . . . 1 . . . . . . . . . . . . 1 1 1 1 1 . Uniques/NPCs Destroyed 2 | . . . . . . . . . . . . . . . . . 1 . . . . . . . . . . . . . . . . . . . . . 1 . Z-Imprinter (-6/Deep Caves) MAIN.C Shell (-1/Command) MAIN.C (-1/Command) Combat | -11 -10 -10 -10 -9 -8 -7 -7 -7 -7 -7 -7 -6 -6 -6 -6 -6 -6 -5 -5 -5 -5 -5 -5 -5 -5 -4 -4 -4 -4 -4 -4 -3 -3 -3 -3 -2 -2 -1 -1 -1 -------- Run | Scr Mat Min Exi Min Mat Fac Was Fac Low Low Dat Pro Fac Low Low Zio Dee Pro Fac Was Fac Ext Cet Arc Hub Fac Was Fac Upp Upp Zhi Pro Res Qua Sec Res Tes Acc Com Ac0 Damage Taken 24772 | . 188 190 . 589 303 1951 . 769 319 389 . 135 3130 1546 . . 2510 340 1367 . 2815 971 44 23 925 994 84 25 . 14 . 347 138 194 771 1601 329 487 1197 87 Core 3301 | . 40 31 . 67 79 311 . 98 27 30 . . 410 198 . . 86 21 145 . 326 119 10 . 54 124 7 25 . . . 116 25 22 221 331 101 148 129 . Absorbed by Shields 1621 | . . . . . . . . . . . . . . . . . . . . . . 136 18 . . . . . . . . . . 20 . 537 . . 819 91 Reduced by Siege Mode 29 | . . . . . . . . . . . . . 29 . . . . . . . . . . . . . . . . . . . . . . . . . . . Core Remaining (%) 59 | 100 . . . 44 85 . . . . . . 33 . . . . . 15 . . . . . . 34 . . . . . . 76 . . 73 . 70 . . 64 Volleys Fired 772 | . 15 13 . 19 32 35 12 44 8 11 . 12 83 36 17 . 47 15 76 14 85 47 10 10 38 19 . . . 7 . 11 3 . 24 14 9 5 1 . Largest 3 | . 2 2 . 2 2 2 2 2 2 2 . 3 3 3 1 . 3 3 3 3 3 3 3 3 3 3 . . . 1 . 2 1 . 1 1 1 1 1 . Hottest 240 | . 60 40 . 40 60 84 105 80 72 72 . 114 185 161 80 . 205 150 150 138 158 160 240 103 105 105 . . . 39 . 74 35 . 94 57 120 120 120 . Shots Fired 1554 | . 30 26 . 28 48 49 15 80 12 22 . 27 199 66 17 . 103 31 184 21 216 92 25 30 97 57 . 1 . 7 . 14 3 . 24 15 9 5 1 . Gun 1325 | . 30 26 . 18 48 35 3 78 . 7 . 23 173 49 17 . 102 24 182 14 203 64 25 30 97 57 . 1 . 5 . 11 3 . . . . . . . Cannon 111 | . . . . . . 2 12 2 . . . . 11 4 . . 1 . . . 12 24 . . . . . . . . . . . . 20 8 9 5 1 . Launcher 111 | . . . . 10 . 12 . . 12 15 . 4 13 13 . . . 7 1 7 1 . . . . . . . . 2 . 3 . . 4 7 . . . . Special 7 | . . . . . . . . . . . . . 2 . . . . . 1 . . 4 . . . . . . . . . . . . . . . . . . Kinetic 1073 | . 15 26 . 18 38 33 3 78 . 6 . 21 147 29 . . 44 17 144 . 148 64 23 30 97 57 . 1 . 5 . 11 3 . 7 8 . . . . Thermal 236 | . . . . . 10 4 12 2 . 1 . 2 37 4 17 . 48 7 28 . 24 24 2 . . . . . . . . . . . . . 8 5 1 . Explosive 64 | . . . . 10 . 12 . . 4 . . . 3 3 . . . 7 1 7 1 . . . . . . . . 2 . 3 . . 4 7 . . . . Electromagnetic 120 | . 15 . . . . . . . 8 15 . 4 10 30 . . . . . . 24 . . . . . . . . . . . . . 13 . 1 . . . Phasic 54 | . . . . . . . . . . . . . . . . . 11 . 10 14 19 . . . . . . . . . . . . . . . . . . . Robot Hit Streak 28 | . 6 6 . 17 7 7 5 14 21 8 . 7 28 9 9 . 8 7 11 7 14 6 4 6 15 6 . . . 5 . 3 . . 8 3 . . . . Robot Miss Streak 6 | . 3 2 . 3 6 2 2 5 1 3 . 1 5 1 1 . 5 2 4 1 3 2 4 2 5 6 . . . . . 2 . . 1 2 . . . . Penetration Max 2 | . . . . . . . . 1 . . . . 1 . . . 1 . 1 . 2 1 1 . 2 1 . . . . . . . . . 1 . . . . Secondary Targets 19 | . . 1 . . . 1 . . . 1 . . 1 1 . . 4 . 3 . 4 . 1 . . 2 . . . . . . . . . . . . . . Max Gunslinging Chain 2 | . . 1 . . . 1 . . . 1 . . 1 1 . . 1 . 1 . 2 . 1 . . 1 . . . . . . . . . . . . . . Shots Hit Robots 1130 | . 16 15 . 19 29 49 10 57 9 14 . 19 112 52 15 . 37 16 104 14 127 46 14 21 48 35 . 2 2 2 4 4 2 7 23 27 19 39 121 . Core Hits 666 | . 7 10 . 41 14 29 2 32 16 15 . 14 51 27 4 . 22 12 45 1 69 22 7 7 43 16 . 1 . 5 2 5 1 2 16 36 7 22 63 . Critical Hits 113 | . . . . . . 2 2 4 . . . 3 6 3 3 . 6 . 3 . 13 9 6 8 17 6 . . . . . 1 . . . 3 . 5 13 . Critical Kills 35 | . . . . . . 1 1 . . . . 1 2 . 1 . . . . . 6 6 1 1 5 3 . . . . . 1 . . . 2 . 3 1 . Critical Parts Destroyed 59 | . . . . . . . . 4 . . . 2 4 1 2 . 3 . 3 . 6 3 5 6 11 3 . . . . . . . . . 1 . 2 3 . Melee Attacks 540 | . . . . . . 30 . 7 3 6 . . 13 . . . . . . . . 3 4 . . 3 2 8 2 2 4 . 8 15 91 43 42 91 158 5 Impact . | . . . . . . . . . . . . . . . . . . . . . . . . . . . . . . . . . . . . . . . . . Slashing 295 | . . . . . . 30 . 7 3 6 . . 13 . . . . . . . . 3 4 . . 3 2 8 2 2 4 . 8 15 91 23 26 13 31 1 Piercing 245 | . . . . . . . . . . . . . . . . . . . . . . . . . . . . . . . . . . . . 20 16 78 127 4 Sneak Attacks 24 | . . . . . . 1 . . . . . . . . . . . . . . . . . . . . . 1 . . . . 1 2 8 4 3 2 2 . Combat Hostiles 3 | . . . . . . . . . . . . . . . . . . . . . . . . . . . . . . . . . . . 1 . 1 . 1 . Follow-up Attacks 59 | . . . . . . . . . . . . . . . . . . . . . . . . . . . . . . . . . . . . . 3 12 44 . Damage Inflicted 50612 | . 127 137 . 1206 255 1778 307 2258 843 736 . 431 2510 1605 358 . 1309 1064 3779 1103 4422 1420 214 423 1902 1031 . 170 175 481 544 246 149 500 2479 2711 1434 2769 9736 . Guns 18785 | . 127 137 . 115 255 465 50 1307 . 109 . 290 2105 773 358 . 1274 369 3200 297 3500 998 214 423 1298 1031 . . . . . 90 . . . . . . . . Cannons 1540 | . . . . . . . 257 . . . . . 61 94 . . 35 . . . 418 339 . . . . . . . . . . . . 148 188 . . . . Explosions 11146 | . . . . 1091 . 639 . 951 843 627 . 141 344 738 . . . 695 579 806 480 . . . 602 . . . . 481 . 156 . . 855 1118 . . . . Melee 19115 | . . . . . . 674 . . . . . . . . . . . . . . . 83 . . . . . 170 175 . 544 . 149 500 1476 1405 1434 2769 9736 . Ramming 26 | . . . . . . . . . . . . . . . . . . . . . 24 . . . 2 . . . . . . . . . . . . . . . Kinetic 15167 | . 25 137 . 115 189 437 50 1307 . 109 . 272 1723 570 . . 581 310 2573 . 2527 998 214 423 1298 1031 . . . . . 90 . . . 188 . . . . Thermal 5277 | . . . . . 66 28 257 951 62 277 . 18 443 94 358 . 728 59 638 . 959 339 . . . . . . . . . . . . . . . . . . Explosive 7493 | . . . . 1091 . 639 . . 498 . . . 205 228 . . . 695 568 806 153 . . . . . . . . 481 . 156 . . 855 1118 . . . . Electromagnetic 2907 | . 102 . . . . . . . 283 350 . 141 139 713 . . . . . . 429 . . . 602 . . . . . . . . . 148 . . . . . Impact . | . . . . . . . . . . . . . . . . . . . . . . . . . . . . . . . . . . . . . . . . . Slashing 7104 | . . . . . . 674 . . . . . . . . . . . . . . . 83 . . . . . 170 175 . 544 . 149 500 1476 598 719 187 1829 . Piercing 12011 | . . . . . . . . . . . . . . . . . . . . . . . . . . . . . . . . . . . . 807 715 2582 7907 . Phasic 627 | . . . . . . . . . . . . . . . . . . . . 297 330 . . . . . . . . . . . . . . . . . . . Highest Corruption 13 | . . . . . . 4 4 4 5 5 5 5 2 3 3 3 . . 1 1 5 5 5 5 5 . 8 8 8 8 8 11 . . . 13 13 1 1 1 Average Corruption 4 | . . . . . . 3 4 4 4 5 5 5 1 2 3 3 . . 1 1 3 5 5 5 5 . 8 8 8 8 8 10 . . . 12 11 1 1 1 Corruption Purged 2 | . . . . . . . . . . . . . . . . . . . . . . . . . . . . . . . . . . . . . 2 . . . Effects 447 | . . . . . . 10 9 26 27 33 5 13 5 16 21 6 . . 6 . 37 27 20 6 27 . 3 12 5 5 2 9 . . . 59 51 2 5 . Message Errors 91 | . . . . . . 3 3 5 5 9 1 3 2 4 5 2 . . 2 . 7 2 4 1 2 . 2 2 1 . . . . . . 12 11 1 2 . Matter Fused 88 | . . . . . . 1 2 3 13 13 1 3 . 6 4 1 . . . . 1 7 4 1 3 . 1 2 1 1 1 2 . . . 9 8 . . . Heat Flow Errors 54 | . . . . . . 1 . 6 3 6 . 2 1 1 6 . . . . . 2 2 5 1 5 . . 2 1 2 . 1 . . . 3 4 . . . Energy Discharges 41 | . . . . . . . 3 3 3 . 1 . 2 1 1 . . . 1 . 1 4 2 1 2 . . 2 1 1 . . . . . 5 5 1 1 . Parts Rejected 2 | . . . . . . . . . . . . . . . . . . . . . 2 . . . . . . . . . . . . . . . . . . . Data Loss (minor) 45 | . . . . . . 3 . 4 2 1 2 2 . 2 5 3 . . . . 4 4 1 . 5 . . 1 1 . 1 . . . . 3 1 . . . Data Loss (major) 21 | . . . . . . . . . 1 1 . . . . . . . . . . . 2 . 1 4 . . 1 . 1 . 2 . . . 5 3 . . . Misfires 11 | . . . . . . . . . . 1 . . . . . . . . . . 3 3 1 . 1 . . 1 . . . . . . . 1 . . . . Alerts 1 | . . . . . . . . . . . . . . . . . . . . . . . . . . . . . . . . . . . . . 1 . . . Misdirections 34 | . . . . . . . . . . . . . . . . . . . . . . . . . . . . . . . . 1 . . . 18 15 . . . Targeting Errors 51 | . . . . . . 2 1 5 . 2 . 2 . 2 . . . . 3 . 12 2 2 1 5 . . 1 . . . 3 . . . 3 3 . 2 . Weapon Failures 8 | . . . . . . . . . . . . 1 . . . . . . . . 5 1 1 . . . . . . . . . . . . . . . . . Overload Shots 1 | . . . . . . . . . . . . . . . . . . . . . . . 1 . . . . . . . . . . . . . . . . . Overflow Damage 3185 | . . . . 25 . 66 . 159 18 45 . . 44 13 . . . 36 16 . 13 24 . . 30 . . 57 152 . 246 . 78 128 471 378 382 312 492 . Projectiles 86 | . . . . . . . . . . . . . 7 1 . . . . . . 10 24 . . . . . . . . . . . . 4 40 . . . . Explosions 519 | . . . . 25 . 25 . 159 18 45 . . 37 12 . . . 36 16 . 3 . . . 30 . . . . . . . . . 113 . . . . . Melee 2580 | . . . . . . 41 . . . . . . . . . . . . . . . . . . . . . 57 152 . 246 . 78 128 354 338 382 312 492 . Knockbacks 1 | . . . . . . . . . . . . . . . . . . . . . . . . . . . . . . . . . . . . 1 . . . . Impact . | . . . . . . . . . . . . . . . . . . . . . . . . . . . . . . . . . . . . . . . . . Kinetic 1 | . . . . . . . . . . . . . . . . . . . . . . . . . . . . . . . . . . . . 1 . . . . Secondary . | . . . . . . . . . . . . . . . . . . . . . . . . . . . . . . . . . . . . . . . . . Self-Inflicted Damage 592 | . . . . . . 40 . 88 64 53 . 40 . 72 . . . 117 48 . 11 . . . 17 . . . . . . 42 . . . . . . . . Shots 29 | . . . . . . 3 . 2 3 5 . 2 . 7 . . . 3 1 . . . . . 2 . . . . . . 1 . . . . . . . . Rammed 5 | . . . . . . . . . . . . . . . . . . . . . 4 . . . 1 . . . . . . . . . . . . . . . Targets Rammed 5 | . . . . . . . . . . . . . . . . . . . . . 4 . . . 1 . . . . . . . . . . . . . . . Kicked . | . . . . . . . . . . . . . . . . . . . . . . . . . . . . . . . . . . . . . . . . . Crushed . | . . . . . . . . . . . . . . . . . . . . . . . . . . . . . . . . . . . . . . . . . Highest Temperature 735 | . 75 . . 18 3 110 242 263 265 264 . 176 735 340 231 . 548 223 686 369 414 335 238 147 454 350 . 270 166 251 . 241 . . . 124 174 . . . Average Temperature 118 | . 37 . . 10 3 32 105 67 87 74 . 45 190 121 50 . 226 104 134 126 118 88 93 47 98 136 . 143 88 129 . 139 . . . 60 86 . . . Received Heat Transfer 3591 | . 6 . . 63 27 276 . 156 24 36 . 45 291 294 . . 774 . 279 . 669 261 8 . 81 222 . . . . . . . 21 . 48 . . 4 6 Effects 48 | . . . . . . . . . . . . . 17 1 . . 6 . 9 1 . 1 3 . 7 . . 3 . . . . . . . . . . . . Shutdowns 7 | . . . . . . . . . . . . . 2 . . . 3 . . . . 1 . . 1 . . . . . . . . . . . . . . . Energy Bleed 9 | . . . . . . . . . . . . . 1 . . . 2 . 3 1 . . . . 2 . . . . . . . . . . . . . . . Interference 14 | . . . . . . . . . . . . . 3 1 . . 1 . . . . . 3 . 3 . . 3 . . . . . . . . . . . . Matter Decay 7 | . . . . . . . . . . . . . 5 . . . . . 2 . . . . . . . . . . . . . . . . . . . . . Short Circuit 1 | . . . . . . . . . . . . . . . . . . . 1 . . . . . . . . . . . . . . . . . . . . . Damage (minor) 2 | . . . . . . . . . . . . . 1 . . . . . . . . . . . 1 . . . . . . . . . . . . . . . Damage (major) 6 | . . . . . . . . . . . . . 4 . . . . . 2 . . . . . . . . . . . . . . . . . . . . . Damage (core) 2 | . . . . . . . . . . . . . 1 . . . . . 1 . . . . . . . . . . . . . . . . . . . . . Siege Activations 4 | . . . . . . . . 2 . . . . 2 . . . . . . . . . . . . . . . . . . . . . . . . . . . Total Turns 43 | . . . . . . . . 19 . . . . 24 . . . . . . . . . . . . . . . . . . . . . . . . . . . Longest Duration 15 | . . . . . . . . 15 . . . . 14 . . . . . . . . . . . . . . . . . . . . . . . . . . . Robots Corrupted 3 | . . . . . . . . . 1 1 . . . 1 . . . . . . . . . . . . . . . . . . . . . . . . . . Combat Hostiles 3 | . . . . . . . . . 1 1 . . . 1 . . . . . . . . . . . . . . . . . . . . . . . . . . Parts Fried 17 | . . . . . . . . . . 2 . 1 . 4 . . . . . . 3 . . . 3 . . . . . . . . . 4 . . . . . Impact Corruptions . | . . . . . . . . . . . . . . . . . . . . . . . . . . . . . . . . . . . . . . . . . Robots Melted . | . . . . . . . . . . . . . . . . . . . . . . . . . . . . . . . . . . . . . . . . . Combat Hostiles . | . . . . . . . . . . . . . . . . . . . . . . . . . . . . . . . . . . . . . . . . . Parts Melted 12 | . . . . . . 1 . 1 . . . . 1 . . . 6 . . . 1 2 . . . . . . . . . . . . . . . . . . Heat Transferred 6083 | . . . . . 150 74 500 600 50 300 . 37 814 111 555 . 983 74 827 . 783 225 . . . . . . . . . . . . . . . . . . Parts Sabotaged . | . . . . . . . . . . . . . . . . . . . . . . . . . . . . . . . . . . . . . . . . . Parts Stolen . | . . . . . . . . . . . . . . . . . . . . . . . . . . . . . . . . . . . . . . . . . Parts Stripped . | . . . . . . . . . . . . . . . . . . . . . . . . . . . . . . . . . . . . . . . . . Power Chain Reactions 3 | . . . . . . . . . 1 2 . . . . . . . . . . . . . . . . . . . . . . . . . . . . . . Missiles Intercepted . | . . . . . . . . . . . . . . . . . . . . . . . . . . . . . . . . . . . . . . . . . Alert | -11 -10 -10 -10 -9 -8 -7 -7 -7 -7 -7 -7 -6 -6 -6 -6 -6 -6 -5 -5 -5 -5 -5 -5 -5 -5 -4 -4 -4 -4 -4 -4 -3 -3 -3 -3 -2 -2 -1 -1 -1 ------- Run | Scr Mat Min Exi Min Mat Fac Was Fac Low Low Dat Pro Fac Low Low Zio Dee Pro Fac Was Fac Ext Cet Arc Hub Fac Was Fac Upp Upp Zhi Pro Res Qua Sec Res Tes Acc Com Ac0 Peak Influence 1944 | . 101 189 . 65 195 255 85 342 . . . . 191 . . . . . 489 193 976 411 454 288 1944 1041 312 288 . . . . 411 70 190 488 448 247 271 . Initial 952 | . . 39 . . 1 . 57 37 . . . . 56 . . . . . 12 118 135 185 . 84 100 952 159 218 . . . . 47 2 39 88 47 34 . . Average 181 | . 49 165 . 42 103 145 59 125 . . . . 60 . . . . . 276 167 533 99 195 239 1039 965 250 151 . . . . 78 28 47 80 76 112 152 . Maximum Alert Level 5 | . . . . . . 1 . 1 . . . . . . . . . . 2 . 3 2 2 1 5 3 1 1 . . . . 2 . . 2 2 1 2 . Low Security (%) 71 | 100 100 100 . 100 100 72 100 70 . . . . 100 . . . . . 27 100 10 81 54 21 13 . 22 53 . . . . 82 100 100 93 97 86 15 . Level 1 15 | . . . . . . 27 . 29 . . . . . . . . . . 54 . 26 17 33 78 10 . 78 46 . . . . 3 . . 4 . 13 28 . Level 2 7 | . . . . . . . . . . . . . . . . . . . 18 . 32 1 12 . 8 3 . . . . . . 13 . . 1 2 . 55 . Level 3 3 | . . . . . . . . . . . . . . . . . . . . . 30 . . . 10 96 . . . . . . . . . . . . . . Level 4 1 | . . . . . . . . . . . . . . . . . . . . . . . . . 45 . . . . . . . . . . . . . . . Level 5 . | . . . . . . . . . . . . . . . . . . . . . . . . . 10 . . . . . . . . . . . . . . . High Security . | . . . . . . . . . . . . . . . . . . . . . . . . . . . . . . . . . . . . . . . . . Max Security . | . . . . . . . . . . . . . . . . . . . . . . . . . . . . . . . . . . . . . . . . . Squads Dispatched 69 | . 1 . . . . 3 . 5 . . . . 3 . . . . . 6 . 10 2 . . 9 3 . . . . . . 2 3 9 6 3 3 1 . Investigation 4 | . . . . . . 1 . . . . . . . . . . . . . . 1 . . . . . . . . . . . . . 1 1 . . . . Extermination 24 | . . . . . . 1 . 1 . . . . 1 . . . . . 3 . 1 . . . . 1 . . . . . . . 1 6 3 2 3 1 . Reinforcement 26 | . 1 . . . . 1 . 1 . . . . 1 . . . . . 3 . 5 2 . . 3 . . . . . . . 2 2 2 2 1 . . . Assault 5 | . . . . . . . . . . . . . . . . . . . . . . . . . 3 2 . . . . . . . . . . . . . . Garrison 10 | . . . . . . . . 3 . . . . 1 . . . . . . . 3 . . . 3 . . . . . . . . . . . . . . . Intercept . | . . . . . . . . . . . . . . . . . . . . . . . . . . . . . . . . . . . . . . . . . Construction Impeded 3 | . . . . . . . . . . . . . 1 . . . . . . . 1 . . . . . . . . . . . . . 1 . . . . . Haulers Reinforced 5 | . . . . . . . . . . . . . . . . . . . 1 . 1 . . . 1 . . . . . . . . . . 2 . . . . Stealth | -11 -10 -10 -10 -9 -8 -7 -7 -7 -7 -7 -7 -6 -6 -6 -6 -6 -6 -5 -5 -5 -5 -5 -5 -5 -5 -4 -4 -4 -4 -4 -4 -3 -3 -3 -3 -2 -2 -1 -1 -1 --------- Run | Scr Mat Min Exi Min Mat Fac Was Fac Low Low Dat Pro Fac Low Low Zio Dee Pro Fac Was Fac Ext Cet Arc Hub Fac Was Fac Upp Upp Zhi Pro Res Qua Sec Res Tes Acc Com Ac0 Distress Signals 58 | . . . . . . . . 1 . . . . . . . . . . 1 . 1 . 2 . 5 2 . 2 . . . . . 3 5 3 1 1 31 . Communications Jammed 17 | . . . . . . . . . . . . . . . . . . . . . . . . . . . . . . . . . . . . . 6 11 . . Distress Signals 17 | . . . . . . . . . . . . . . . . . . . . . . . . . . . . . . . . . . . . . 6 11 . . Times Spotted 597 | . 8 5 . 17 11 16 4 17 9 9 . 6 19 11 . . 12 7 21 7 39 23 21 9 33 17 6 7 . 5 . 13 12 34 78 41 21 21 34 4 Peak Tracking Total 17 | . 4 3 . 17 4 3 3 4 3 7 . 4 4 4 . . 6 4 3 6 4 4 5 2 6 12 3 3 . 5 . 4 6 10 10 8 7 4 12 4 Tactical Retreats 64 | . . . . . 2 1 . . . 1 . 1 1 1 . . . . . . 6 . 1 . 3 . . 1 . . . 3 3 6 22 6 3 2 1 . Traps | -11 -10 -10 -10 -9 -8 -7 -7 -7 -7 -7 -7 -6 -6 -6 -6 -6 -6 -5 -5 -5 -5 -5 -5 -5 -5 -4 -4 -4 -4 -4 -4 -3 -3 -3 -3 -2 -2 -1 -1 -1 ------- Run | Scr Mat Min Exi Min Mat Fac Was Fac Low Low Dat Pro Fac Low Low Zio Dee Pro Fac Was Fac Ext Cet Arc Hub Fac Was Fac Upp Upp Zhi Pro Res Qua Sec Res Tes Acc Com Ac0 Traps Triggered 13 | . . . . . . 1 . . . . . . . . . . . . 1 . 4 . . . 2 1 . . . . . . . 2 1 1 . . . . Indirectly 1 | . . . . . . . . . . . . . . . . . . . . . . . . . 1 . . . . . . . . . . . . . . . Trap Hack Attempts . | . . . . . . . . . . . . . . . . . . . . . . . . . . . . . . . . . . . . . . . . . Triggered . | . . . . . . . . . . . . . . . . . . . . . . . . . . . . . . . . . . . . . . . . . Disarmed 10 | . . . . . . . . . . . . . . . . . . . . . . . . . . . . . . . . . 6 . 4 . . . . . Reprogrammed 11 | . . . . . . . . . . . . . . . . . . . . . . . . . . . . . . . . . . 9 . . . . 2 . Reused 1 | . . . . . . . . . . . . . . . . . . . . . . . . . . . . . . . . . . . . . . . 1 . Traps Extracted . | . . . . . . . . . . . . . . . . . . . . . . . . . . . . . . . . . . . . . . . . . Installed . | . . . . . . . . . . . . . . . . . . . . . . . . . . . . . . . . . . . . . . . . . Triggered 5 | . . . . . . . . . . . . 1 . . . . . . . . . . . . . . . . . . . 3 . . . . . . 1 . Machines | -11 -10 -10 -10 -9 -8 -7 -7 -7 -7 -7 -7 -6 -6 -6 -6 -6 -6 -5 -5 -5 -5 -5 -5 -5 -5 -4 -4 -4 -4 -4 -4 -3 -3 -3 -3 -2 -2 -1 -1 -1 ---------- Run | Scr Mat Min Exi Min Mat Fac Was Fac Low Low Dat Pro Fac Low Low Zio Dee Pro Fac Was Fac Ext Cet Arc Hub Fac Was Fac Upp Upp Zhi Pro Res Qua Sec Res Tes Acc Com Ac0 Machines Disabled 86 | . . . . . . . . 5 . . . . 1 . . . 1 . 12 . 22 3 4 3 13 . . . . . . . . 3 8 1 6 . 1 3 Max in Single Turn 16 | . . . . . . . . 5 . . . . 1 . . . 1 . 5 . 16 1 1 1 5 . . . . . . . . 1 1 1 1 . 1 1 Garrison Access 9 | . . . . . . 1 . 1 . . . . 2 . . . . . . . . . . . . . . 1 . . . . 1 1 1 . 1 . . . Network Hub 2 | . . . . . . . . . . . . . . . . . . . . . . . . . 2 . . . . . . . . . . . . . . . Machines Sabotaged . | . . . . . . . . . . . . . . . . . . . . . . . . . . . . . . . . . . . . . . . . . Garrisons Compromised . | . . . . . . . . . . . . . . . . . . . . . . . . . . . . . . . . . . . . . . . . . Overloaded Fab Kills . | . . . . . . . . . . . . . . . . . . . . . . . . . . . . . . . . . . . . . . . . . Fab Network Shutdowns 2 | . . . . . . . . . . . . . . . . . . . . . . . . . . . . . . . . . 1 . . . 1 . . . Hacking | -11 -10 -10 -10 -9 -8 -7 -7 -7 -7 -7 -7 -6 -6 -6 -6 -6 -6 -5 -5 -5 -5 -5 -5 -5 -5 -4 -4 -4 -4 -4 -4 -3 -3 -3 -3 -2 -2 -1 -1 -1 --------- Run | Scr Mat Min Exi Min Mat Fac Was Fac Low Low Dat Pro Fac Low Low Zio Dee Pro Fac Was Fac Ext Cet Arc Hub Fac Was Fac Upp Upp Zhi Pro Res Qua Sec Res Tes Acc Com Ac0 Machines Accessed 171 | . 1 . 1 . 2 10 . 4 . . 3 . 13 . 2 . . . 10 . 5 6 4 . 4 2 . 8 1 . 4 . 8 13 21 16 12 17 4 . Terminals 101 | . 1 . . . 1 5 . 2 . . . . 6 . . . . . 7 . 5 5 4 . 4 1 . 4 . . . . 4 8 17 7 6 10 4 . Fabricators 12 | . . . . . . . . . . . . . 2 . . . . . 1 . . . . . . . . 2 . . . . 1 . . 2 2 2 . . Repair Stations 16 | . . . . . 1 1 . . . . . . 2 . . . . . 1 . . . . . . . . 1 . . . . . 2 2 2 1 3 . . Recycling Units 4 | . . . . . . 2 . . . . . . . . . . . . . . . 1 . . . . . . . . . . . . . 1 . . . . Scanalyzers 17 | . . . . . . 1 . 1 . . . . 1 . . . . . 1 . . . . . . 1 . . . . . . 2 2 1 4 2 1 . . Garrison Access 10 | . . . . . . 1 . 1 . . . . 2 . . . . . . . . . . . . . . 1 . . . . 1 1 1 . 1 1 . . Total Hacks 696 | . 2 . 4 . 12 23 . 6 . . 20 . 32 . 5 . . . 29 . 11 17 11 . 6 25 . 71 1 . 17 . 59 42 76 90 49 74 14 . Successful 485 | . 1 . 4 . 6 11 . 5 . . 20 . 22 . 5 . . . 24 . 6 7 6 . 2 18 . 38 1 . 17 . 45 38 50 67 39 41 12 . Failed 207 | . . . . . 6 12 . 1 . . . . 10 . . . . . 5 . 5 9 4 . 4 7 . 33 . . . . 13 4 26 23 10 33 2 . Catastrophic 24 | . . . . . . 2 . . . . . . 1 . . . . . 1 . . . . . 1 1 . 6 . . . . . . 4 3 . 5 . . Database Lockouts 4 | . 1 . . . . . . . . . . . . . . . . . . . . 1 1 . . . . . . . . . 1 . . . . . . . Manual 345 | . 2 . . . 4 7 . . . . . . 10 . . 4 . . 10 . 7 9 11 . 3 18 . 38 . . . . 35 22 44 44 28 42 7 . Terminals 430 | . 2 . . . 8 12 . 2 . . . . 12 . . . . . 18 . 11 15 11 . 6 20 . 44 . . . . 37 27 62 47 32 50 14 . Fabricators 76 | . . . . . . . . . . . . . 5 . . . . . 5 . . . . . . . . 17 . . . . 8 . . 20 9 12 . . Repair Stations 59 | . . . . . 4 4 . . . . . . 7 . . . . . 2 . . . . . . . . 6 . . . . . 10 6 10 2 8 . . Recycling Units 6 | . . . . . . 3 . . . . . . . . . . . . . . . 2 . . . . . . . . . . . . . 1 . . . . Scanalyzers 59 | . . . . . . 2 . 2 . . . . 5 . . . . . 4 . . . . . . 5 . . . . . . 12 4 7 12 5 1 . . Garrison Access 19 | . . . . . . 2 . 2 . . . . 3 . . . . . . . . . . . . . . 4 . . . . 2 1 1 . 1 3 . . Terminal Hacks 234 | . 1 . 4 . 2 3 . 2 . . 20 . 2 . 5 . . . 11 . 6 5 6 . 1 11 . 14 1 . 17 . 21 13 26 18 17 21 7 . Record 30 | . . . 4 . . . . . . . 6 . . . 4 . . . 1 . . . 1 . . 1 . 1 . . 5 . . 1 1 1 1 2 1 . Part Schematic 26 | . . . . . . 2 . 1 . . 4 . 1 . . . . . 3 . . 1 . . . 1 . 4 . . 4 . . 1 1 2 1 . . . Robot Schematic 7 | . . . . . . . . . . . 7 . . . . . . . . . . . . . . . . . . . . . . . . . . . . . Robot Analysis 21 | . 1 . . . 1 . . . . . . . . . . . . . . . . . 2 . . 1 . . . . 4 . 4 1 1 1 . 5 . . Prototype ID Bank 9 | . . . . . . 1 . . . . 3 . . . . . . . . . . . . . . . . . . . 4 . 1 . . . . . . . Open Door 9 | . . . . . . . . . . . . . . . 1 . . . 1 . . . . . . . . . 1 . . . . . 5 . . . 1 . Branch Access Points 8 | . . . . . . . . 1 . . . . 1 . . . . . . . 1 . . . . 1 . 1 . . . . 1 . . 1 . 1 . . Emergency Access Points 1 | . . . . . . . . . . . . . . . . . . . . . . . . . . . . . . . . . 1 . . . . . . . Machine Index 1 | . . . . . . . . . . . . . . . . . . . 1 . . . . . . . . . . . . . . . . . . . . . Terminal Index 9 | . . . . . . . . . . . . . . . . . . . . . . . . . . 1 . 1 . . . . 1 1 1 1 1 1 1 . Fabricator Index 7 | . . . . . . . . . . . . . . . . . . . . . . . . . . 1 . 1 . . . . 1 . . 1 1 1 1 . Repair Station Index 3 | . . . . . . . . . . . . . . . . . . . . . . . . . . . . . . . . . . . . 1 1 . 1 . Scanalyzer Index 3 | . . . . . . . . . . . . . . . . . . . . . . . . . . . . 1 . . . . 1 1 . . . . . . Garrison Index 1 | . . . . . . . . . . . . . . . . . . . . . . . . . . . . . . . . . . . . . . 1 . . Alert Level 2 | . . . . . . . . . . . . . . . . . . . . . 1 . . . . . . . . . . . 1 . . . . . . . Unreport Threat 48 | . . . . . . . . . . . . . . . . . . . 1 . 4 4 3 . . 4 . 2 . . . . 6 1 7 5 6 5 . . Locate Traps 18 | . . . . . . . . . . . . . . . . . . . 3 . . . . . 1 . . 3 . . . . 2 2 2 1 2 2 . . Disarm Traps 2 | . . . . . . . . . . . . . . . . . . . . . . . . . . . . . . . . . 1 . 1 . . . . . Reprogram Traps 3 | . . . . . . . . . . . . . . . . . . . . . . . . . . . . . . . . . . 2 . . . . 1 . Patrol Status 1 | . . . . . . . . . . . . . . . . . . . . . . . . . . . . . . . . . . . . . . . 1 . Recall Investigation 2 | . . . . . . . . . . . . . . . . . . . . . . . . . . . . . . . . . . . 1 1 . . . . Recall Extermination 12 | . . . . . . . . . . . . . . . . . . . 1 . . . . . . 1 . . . . . . . 1 5 1 1 2 . . Recall Reinforcements 4 | . . . . . . . . . . . . . . . . . . . . . . . . . . . . . . . . . . 2 1 1 . . . . Hauler Manifests 2 | . . . . . . . . . . . . . . . . . . . . . . . . . . . . . . . . . . . . . 1 1 . . Registered Components 2 | . . . . . . . . . . . . . . . . . . . . . . . . . . . . . . . . . 1 . . . 1 . . . Registered Prototypes 2 | . . . . . . . . . . . . . . . . . . . . . . . . . . . . . . . . . . . . 1 1 . . . Zone Layout 1 | . . . . . 1 . . . . . . . . . . . . . . . . . . . . . . . . . . . . . . . . . . . Fabricator Hacks 44 | . . . . . . . . . . . . . 4 . . . . . 3 . . . . . . . . 9 . . . . 5 . . 12 5 6 . . Network Status 5 | . . . . . . . . . . . . . . . . . . . . . . . . . . . . 1 . . . . 1 . . 2 1 . . . Load Schematic 19 | . . . . . . . . . . . . . 1 . . . . . 2 . . . . . . . . 4 . . . . 2 . . 5 2 3 . . Build 20 | . . . . . . . . . . . . . 3 . . . . . 1 . . . . . . . . 4 . . . . 2 . . 5 2 3 . . Repair Station Hacks 48 | . . . . . 2 2 . . . . . . 5 . . . . . 2 . . . . . . . . 5 . . . . . 10 6 8 2 6 . . Scan Component 25 | . . . . . 1 1 . . . . . . 3 . . . . . 1 . . . . . . . . 3 . . . . . 5 3 4 1 3 . . Repair 23 | . . . . . 1 1 . . . . . . 2 . . . . . 1 . . . . . . . . 2 . . . . . 5 3 4 1 3 . . Recycling Unit Hacks 4 | . . . . . . 2 . . . . . . . . . . . . . . . 1 . . . . . . . . . . . . . 1 . . . . Report Inventory 2 | . . . . . . 1 . . . . . . . . . . . . . . . . . . . . . . . . . . . . . 1 . . . . Retrieve Matter 1 | . . . . . . 1 . . . . . . . . . . . . . . . . . . . . . . . . . . . . . . . . . . Retrieve Components 1 | . . . . . . . . . . . . . . . . . . . . . . 1 . . . . . . . . . . . . . . . . . . Scanalyzer 51 | . . . . . . 1 . 2 . . . . 5 . . . . . 4 . . . . . . 5 . . . . . . 12 3 5 11 2 1 . . Insert Component 32 | . . . . . . 1 . 1 . . . . 2 . . . . . 2 . . . . . . 2 . . . . . . 6 2 5 8 2 1 . . Analyze 19 | . . . . . . . . 1 . . . . 3 . . . . . 2 . . . . . . 3 . . . . . . 6 1 . 3 . . . . Garrison Access Hacks 9 | . . . . . . 1 . 1 . . . . 2 . . . . . . . . . . . . . . 1 . . . . 1 1 1 . 1 . . . Seal Access 9 | . . . . . . 1 . 1 . . . . 2 . . . . . . . . . . . . . . 1 . . . . 1 1 1 . 1 . . . Unauthorized Hacks 95 | . . . . . 2 2 . . . . . . 4 . . . . . 4 . . 1 . . 1 2 . 9 . . . . 6 11 12 17 12 7 5 . Terminals 75 | . . . . . 2 2 . . . . . . 4 . . . . . 2 . . 1 . . 1 2 . 6 . . . . 4 10 12 12 7 5 5 . Track 23 | . . . . . 1 . . . . . . . 1 . . . . . 1 . . . . . 1 1 . 1 . . . . 1 4 4 5 . . 3 . Assimilate 22 | . . . . . . 1 . . . . . . . . . . . . . . . . . . . . . 1 . . . . 2 3 5 4 4 . 2 . Botnet 25 | . . . . . 1 1 . . . . . . 2 . . . . . 1 . . 1 . . . 1 . 3 . . . . 1 3 2 2 2 5 . . Operators 5 | . . . . . . . . . . . . . 1 . . . . . . . . . . . . . . 1 . . . . . . 1 1 1 . . . Fabricators 18 | . . . . . . . . . . . . . . . . . . . 2 . . . . . . . . 3 . . . . 2 . . 5 4 2 . . Report 4 | . . . . . . . . . . . . . . . . . . . . . . . . . . . . 1 . . . . 1 . . 1 1 . . . Prioritize 5 | . . . . . . . . . . . . . . . . . . . 1 . . . . . . . . 1 . . . . . . . 2 1 . . . Siphon 9 | . . . . . . . . . . . . . . . . . . . 1 . . . . . . . . 1 . . . . 1 . . 2 2 2 . . Repair Stations . | . . . . . . . . . . . . . . . . . . . . . . . . . . . . . . . . . . . . . . . . . Recycling Units . | . . . . . . . . . . . . . . . . . . . . . . . . . . . . . . . . . . . . . . . . . Scanalyzers 2 | . . . . . . . . . . . . . . . . . . . . . . . . . . . . . . . . . . 1 . . 1 . . . Researchers 2 | . . . . . . . . . . . . . . . . . . . . . . . . . . . . . . . . . . 1 . . 1 . . . Garrison Access . | . . . . . . . . . . . . . . . . . . . . . . . . . . . . . . . . . . . . . . . . . Data Cores Recovered 2 | . . . . . . . . 1 . . . . . . . . . . . . . . . . 1 . . . . . . . . . . . . . . . Used . | . . . . . . . . . . . . . . . . . . . . . . . . . . . . . . . . . . . . . . . . . Hacking Detections 97 | . 1 . . . 2 8 . 2 . . . . 9 . . . . . 8 . 4 6 4 . 3 2 . 6 . . . . 6 4 8 7 6 10 1 . Full Trace Events 1 | . . . . . . 1 . . . . . . . . . . . . . . . . . . . . . . . . . . . . . . . . . . Feedback Events . | . . . . . . . . . . . . . . . . . . . . . . . . . . . . . . . . . . . . . . . . . Feedback Blocked . | . . . . . . . . . . . . . . . . . . . . . . . . . . . . . . . . . . . . . . . . . Robot Schematics Acquired 7 | . . . . . . . . . . . 7 . . . . . . . . . . . . . . . . . . . . . . . . . . . . . Robots Built . | . . . . . . . . . . . . . . . . . . . . . . . . . . . . . . . . . . . . . . . . . Matter . | . . . . . . . . . . . . . . . . . . . . . . . . . . . . . . . . . . . . . . . . . Time . | . . . . . . . . . . . . . . . . . . . . . . . . . . . . . . . . . . . . . . . . . Total Robot Build Rating . | . . . . . . . . . . . . . . . . . . . . . . . . . . . . . . . . . . . . . . . . . Part Schematics Acquired 41 | . . . . . . 2 . 2 . . 4 . 3 . . . . . 4 . . 1 . . . 3 . 4 . . 4 . 5 2 1 5 1 . . . Parts Built 22 | . . . . . . . . . . . . . 6 . . . . . 1 . . . . . . . . 3 . . . . 2 . . 4 3 3 . . Matter 4474 | . . . . . . . . . . . . . 658 . . . . . 285 . . . . . . . . 640 . . . . 614 . . 1100 438 739 . . Time 1478 | . . . . . . . . . . . . . 211 . . . . . 152 . . . . . . . . 137 . . . . 124 . . 399 250 205 . . Total Part Build Rating 138 | . . . . . . . . . . . . . 38 . . . . . 5 . . . . . . . . 15 . . . . 14 . . 30 17 19 . . Parts Repaired 23 | . . . . . 1 1 . . . . . . 2 . . . . . 1 . . . . . . . . 2 . . . . . 5 3 4 1 3 . . Time 883 | . . . . . 32 76 . . . . . . 103 . . . . . 26 . . . . . . . . 38 . . . . . 119 161 198 36 94 . . Parts Recycled . | . . . . . . . . . . . . . . . . . . . . . . . . . . . . . . . . . . . . . . . . . Recycled Matter . | . . . . . . . . . . . . . . . . . . . . . . . . . . . . . . . . . . . . . . . . . Retrieved Matter . | . . . . . . . . . . . . . . . . . . . . . . . . . . . . . . . . . . . . . . . . . Retrieved Components 1 | . . . . . . . . . . . . . . . . . . . . . . 1 . . . . . . . . . . . . . . . . . . Parts Scanalyzed 16 | . . . . . . 1 . 1 . . . . 2 . . . . . 1 . . . . . . 2 . . . . . . 5 1 . 3 . . . . Part Schematics Acquired 15 | . . . . . . . . 1 . . . . 2 . . . . . 1 . . . . . . 2 . . . . . . 5 1 . 3 . . . . Parts Damaged 2 | . . . . . . . . . . . . . . . . . . . . . . . . . . . . . . . . . . 1 . 1 . . . . Bothacking | -11 -10 -10 -10 -9 -8 -7 -7 -7 -7 -7 -7 -6 -6 -6 -6 -6 -6 -5 -5 -5 -5 -5 -5 -5 -5 -4 -4 -4 -4 -4 -4 -3 -3 -3 -3 -2 -2 -1 -1 -1 ------------ Run | Scr Mat Min Exi Min Mat Fac Was Fac Low Low Dat Pro Fac Low Low Zio Dee Pro Fac Was Fac Ext Cet Arc Hub Fac Was Fac Upp Upp Zhi Pro Res Qua Sec Res Tes Acc Com Ac0 Used RIF Installer . | . . . . . . . . . . . . . . . . . . . . . . . . . . . . . . . . . . . . . . . . . Robots Hacked 2 | . . . . . . . . . . . . . 1 . . . . . 1 . . . . . . . . . . . . . . . . . . . . . Non-combat 2 | . . . . . . . . . . . . . 1 . . . . . 1 . . . . . . . . . . . . . . . . . . . . . Combat . | . . . . . . . . . . . . . . . . . . . . . . . . . . . . . . . . . . . . . . . . . Robot Hacks Applied 2 | . . . . . . . . . . . . . 1 . . . . . 1 . . . . . . . . . . . . . . . . . . . . . find_chute 2 | . . . . . . . . . . . . . 1 . . . . . 1 . . . . . . . . . . . . . . . . . . . . . Relay Couplers Released . | . . . . . . . . . . . . . . . . . . . . . . . . . . . . . . . . . . . . . . . . . Robots Rewired 12 | . . . . . . . . . . . . . . . . . . . . . . 12 . . . . . . . . . . . . . . . . . . Allies Hacked . | . . . . . . . . . . . . . . . . . . . . . . . . . . . . . . . . . . . . . . . . . Hacks Repelled . | . . . . . . . . . . . . . . . . . . . . . . . . . . . . . . . . . . . . . . . . . Allies | -11 -10 -10 -10 -9 -8 -7 -7 -7 -7 -7 -7 -6 -6 -6 -6 -6 -6 -5 -5 -5 -5 -5 -5 -5 -5 -4 -4 -4 -4 -4 -4 -3 -3 -3 -3 -2 -2 -1 -1 -1 -------- Run | Scr Mat Min Exi Min Mat Fac Was Fac Low Low Dat Pro Fac Low Low Zio Dee Pro Fac Was Fac Ext Cet Arc Hub Fac Was Fac Upp Upp Zhi Pro Res Qua Sec Res Tes Acc Com Ac0 Total Allies 86 | . . . . . . 1 20 . . . . 1 . . . 7 . . . . . 19 5 . . . 19 . . . . . 2 2 4 2 2 . 2 . Largest Group 20 | . . . . . . 1 20 13 . . . 1 . . . 7 7 . . . . 15 15 10 7 . 19 . . . . . 2 2 2 1 1 . 2 . Highest-Rated Group 735 | . . . . . . 26 518 336 . . . 94 . . . 186 186 . . . . 559 735 735 527 . 714 . . . . . 36 70 49 26 44 . 70 . Highest-Rated Ally 156 | . . . . . . 26 35 32 . . . 94 . . . 42 42 . . . . 156 156 149 94 . 50 . . . . . 26 44 44 26 44 . 44 . Total Orders 2 | . . . . . . . . . . . . . . 1 . . . . . . . . . . 1 . . . . . . . . . . . . . . . ROAM 1 | . . . . . . . . . . . . . . . . . . . . . . . . . 1 . . . . . . . . . . . . . . . EXPLORE 1 | . . . . . . . . . . . . . . 1 . . . . . . . . . . . . . . . . . . . . . . . . . . Ally Attacks 747 | . . . . . . . 138 40 . . . 9 . . . . 51 . . . . 86 144 38 80 . 161 . . . . . . . . . . . . . Total Damage 21736 | . . . . . . . 3745 675 . . . 272 . . . . 738 . . . . 1682 3409 1338 2666 . 7211 . . . . . . . . . . . . . Kills 98 | . . . . . . . 10 3 . . . 1 . . . . 7 . . . . 9 26 4 24 . 14 . . . . . . . . . . . . . Allies Corrupted 5 | . . . . . . . . 1 . . . 1 . . . . . . . . . . . . 3 . . . . . . . . . . . . . . . Allies Melted . | . . . . . . . . . . . . . . . . . . . . . . . . . . . . . . . . . . . . . . . . . Intel | -11 -10 -10 -10 -9 -8 -7 -7 -7 -7 -7 -7 -6 -6 -6 -6 -6 -6 -5 -5 -5 -5 -5 -5 -5 -5 -4 -4 -4 -4 -4 -4 -3 -3 -3 -3 -2 -2 -1 -1 -1 ------- Run | Scr Mat Min Exi Min Mat Fac Was Fac Low Low Dat Pro Fac Low Low Zio Dee Pro Fac Was Fac Ext Cet Arc Hub Fac Was Fac Upp Upp Zhi Pro Res Qua Sec Res Tes Acc Com Ac0 Robot Analysis Total 21 | . 1 . . . 1 . . . . . . . . . . . . . . . . . 2 . . 1 . . . . 4 . 4 1 1 1 . 5 . . Derelict Logs Recovered 10 | . . . . . . . . . 3 . . 2 . 2 . 1 . 1 . . . . . . . . . . . 1 . . . . . . . . . . Drone Launches 2 | . . . . . . . . . . . . . . 2 . . . . . . . . . . . . . . . . . . . . . . . . . . Drone Recoveries 1 | . . . . . . . . . . . . . . 1 . . . . . . . . . . . . . . . . . . . . . . . . . . Exploration | -11 -10 -10 -10 -9 -8 -7 -7 -7 -7 -7 -7 -6 -6 -6 -6 -6 -6 -5 -5 -5 -5 -5 -5 -5 -5 -4 -4 -4 -4 -4 -4 -3 -3 -3 -3 -2 -2 -1 -1 -1 ------------- Run | Scr Mat Min Exi Min Mat Fac Was Fac Low Low Dat Pro Fac Low Low Zio Dee Pro Fac Was Fac Ext Cet Arc Hub Fac Was Fac Upp Upp Zhi Pro Res Qua Sec Res Tes Acc Com Ac0 Turns Passed 31442 | 40 108 246 384 177 478 759 306 1358 1495 1374 172 578 1994 1019 1218 1412 2330 547 1477 215 1040 1276 772 169 701 386 100 364 194 125 82 171 458 769 2718 1433 918 981 1062 36 Spaces Moved 25101 | 33 62 198 361 78 286 611 170 622 781 654 93 293 791 399 545 669 1097 221 774 145 442 627 365 75 311 206 187 374 323 233 152 310 544 1419 3798 2223 1415 1862 1214 138 Core 134 | 2 . . . . . . . . . . . . 3 . . . . . . . . . . . . . . . . . . . . . 42 33 54 . . . Treads 4838 | . . 25 . 4 5 4 128 622 781 654 93 293 408 . . . 267 . . . 138 537 365 75 311 128 . . . . . . . . . . . . . . Legs 2759 | . . . . . . . . . . . . . . 366 545 669 830 221 128 . . . . . . . . . . . . . . . . . . . . . Wheels 2834 | 31 62 173 361 74 281 254 . . . . . . 380 33 . . . . 646 145 304 90 . . . . . . . . . . . . . . . . . . Hover 395 | . . . . . . 353 42 . . . . . . . . . . . . . . . . . . . . . . . . . . . . . . . . . Flight 14141 | . . . . . . . . . . . . . . . . . . . . . . . . . . 78 187 374 323 233 152 310 544 1419 3756 2190 1361 1862 1214 138 Fastest Speed 17 | 50 90 90 100 100 100 56 60 160 180 180 180 180 120 170 210 210 160 210 120 120 110 120 160 160 160 34 37 37 37 37 37 37 37 24 24 22 17 17 17 17 Average Speed 88 | 84 90 104 106 111 110 74 150 179 180 180 180 180 187 206 210 210 188 221 135 122 152 154 160 160 165 119 37 37 37 37 37 37 37 31 32 29 23 24 22 17 Slowest Speed 2100 | 90 90 160 110 160 160 170 180 180 180 180 180 180 2100 210 210 210 240 240 240 130 220 180 160 160 180 180 37 37 37 37 37 37 37 32 200 200 250 90 90 22 Overloaded Moves 28 | . . . . . . . . . . . . . . . . . . . . . . . . . . . . . . . . . . 14 14 . . . . . Propulsion Burnouts . | . . . . . . . . . . . . . . . . . . . . . . . . . . . . . . . . . . . . . . . . . Robots Hopped 70 | . . . . . . . . . . . . . . . . . . . . . . . . . . . . 1 . . . . 1 5 28 10 17 7 1 . Cave-ins Triggered . | . . . . . . . . . . . . . . . . . . . . . . . . . . . . . . . . . . . . . . . . . Teleports 3 | . . . . . . . . . . . . . . . . . . . . . . . . . . . . . . . . . . . 1 . . . 1 1 Exploration Rate (%) 50 | 3 15 34 80 22 27 27 88 19 94 70 69 46 19 72 69 82 73 55 23 76 20 62 87 75 55 9 80 14 57 50 59 51 17 86 86 44 84 39 30 10 Regions Visited 40 Branch Regions 25 Pre-discovered Areas 9 | . . . 1 . . . . . . . 1 . . 2 . 2 . . . . . . . . . . . . . . 3 . . . . . . . . . Known Exits Taken 19 | . . . . . . . . 1 1 . . . 1 . . . . 1 . . 1 . 1 1 1 . . 1 1 1 1 1 1 1 1 1 1 1 . . Unknown Exits Taken 15 | 1 1 1 1 1 1 . . . . 1 1 1 . 1 1 1 1 . . . . 1 . . . . . . . . . . . . . . . . 1 . Scrap Searched 20 | . . . . . . . . . 4 4 . 1 . 3 1 2 . 1 . . . . . . . . . . 2 1 . 1 . . . . . . . . Spaces Dug 319 | . . . . . . 21 . 7 22 13 . . 34 . . . 11 23 12 3 14 17 . . 4 3 2 5 . 8 . 6 6 5 42 16 16 23 5 1 Terrain Destroyed 1456 | . . . . 61 . 73 1 18 61 22 . . 69 36 . . 20 119 83 57 128 42 3 3 342 17 2 5 . 25 . 51 6 5 87 75 16 23 5 1 Melee 140 | . . . . . . 5 . 7 3 6 . . 13 . . . . . . . . . . . . 3 2 5 . 2 . . 6 5 36 15 9 18 4 1 Projectile 287 | . . . . . . 1 1 . . . . . 12 8 . . 20 11 46 5 64 42 3 3 22 14 . . . 6 . 8 . . 6 2 7 5 1 . AOE 1029 | . . . . 61 . 67 . 11 58 16 . . 44 28 . . . 108 37 52 64 . . . 320 . . . . 17 . 43 . . 45 58 . . . . Terrain Rammed . | . . . . . . . . . . . . . . . . . . . . . . . . . . . . . . . . . . . . . . . . . Walls Destroyed . | . . . . . . . . . . . . . . . . . . . . . . . . . . . . . . . . . . . . . . . . . Machines Disabled . | . . . . . . . . . . . . . . . . . . . . . . . . . . . . . . . . . . . . . . . . . Actions | -11 -10 -10 -10 -9 -8 -7 -7 -7 -7 -7 -7 -6 -6 -6 -6 -6 -6 -5 -5 -5 -5 -5 -5 -5 -5 -4 -4 -4 -4 -4 -4 -3 -3 -3 -3 -2 -2 -1 -1 -1 --------- Run | Scr Mat Min Exi Min Mat Fac Was Fac Low Low Dat Pro Fac Low Low Zio Dee Pro Fac Was Fac Ext Cet Arc Hub Fac Was Fac Upp Upp Zhi Pro Res Qua Sec Res Tes Acc Com Ac0 Total 32462 | 42 87 217 361 142 404 819 209 787 849 816 98 325 1153 536 603 677 1282 253 1053 162 630 853 526 106 419 301 215 588 394 262 169 350 777 1702 5067 2899 1916 2317 1949 147 Wait 4957 | . 4 1 . 37 61 77 5 84 41 125 . 13 174 61 34 7 46 8 140 . 43 114 120 8 50 38 19 189 67 17 . 21 201 207 1078 535 425 342 565 . Move 24929 | 32 61 197 360 77 285 611 169 621 780 653 92 292 790 398 544 668 1096 220 774 144 441 626 364 74 310 206 186 371 322 232 151 309 541 1408 3743 2203 1381 1849 1211 137 Hop 64 | . . . . . . . . . . . . . . . . . . . . . . . . . . . . 1 . . . . 1 5 26 9 16 5 1 . Pick Up 248 | 4 3 3 . 1 10 12 5 13 1 3 . 2 20 11 3 1 23 3 13 . 6 5 2 5 3 2 4 6 1 . 3 1 4 7 19 22 9 10 8 . Fast Attach 175 | 6 1 . 1 1 8 12 2 6 2 2 3 1 11 5 1 . 22 . 7 . 14 7 8 . 1 . . 1 . . 5 . . 3 11 13 3 5 9 4 Attach 188 | . 1 2 . 3 3 17 1 1 1 4 . . 19 10 . . 12 1 9 . 16 2 1 . 4 15 2 2 1 2 . 1 2 4 12 14 10 4 12 . Detach 85 | . 1 . . 1 . 7 . 2 . . . . 9 4 . . 2 . 3 . 5 . 3 . 4 1 1 3 . 2 1 1 . . 10 9 7 1 8 . Swap 302 | . . . . 3 2 8 5 4 11 11 . 3 22 5 1 . 3 5 21 4 10 5 6 2 7 6 . 3 . . 2 5 15 13 38 21 16 26 19 . Drop 222 | . 1 1 . . 3 10 10 5 2 1 3 2 12 6 3 1 31 1 10 . 6 6 8 7 1 11 1 4 1 . 3 1 2 4 15 17 6 9 16 2 Fire 772 | . 15 13 . 19 32 35 12 44 8 11 . 12 83 36 17 . 47 15 76 14 85 47 10 10 38 19 . . . 7 . 11 3 . 24 14 9 5 1 . Melee 441 | . . . . . . 30 . 7 3 6 . . 13 . . . . . . . . 3 4 . . 3 2 8 2 2 4 . 8 15 91 42 34 61 99 4 Ram 4 | . . . . . . . . . . . . . . . . . . . . . 4 . . . . . . . . . . . . . . . . . . . Kick . | . . . . . . . . . . . . . . . . . . . . . . . . . . . . . . . . . . . . . . . . . Crush 1 | . . . . . . . . . . . . . . . . . . . . . . . . . 1 . . . . . . . . . . . . . . . Escape Stasis 36 | . . . . . . . . . . . . . . . . . . . . . . . . . . . . . . . . . . 36 . . . . . . Rewire 38 | . . . . . . . . . . . . . . . . . . . . . . 38 . . . . . . . . . . . . . . . . . . Trap . | . . . . . . . . . . . . . . . . . . . . . . . . . . . . . . . . . . . . . . . . . Miscellaneous . | . . . . . . . . . . . . . . . . . . . . . . . . . . . . . . . . . . . . . . . . . Route ------- -11/Scrapyard -10/Materials -10/Mines -10/Exiles -9/Mines -8/Materials -7/Factory -7/Waste -7/Factory (discovered 2 exits: *Low x2) -7/Lower Caves -7/Lower Caves -7/Data Miner -6/Proximity Caves -6/Factory (discovered 4 exits: Fac x2 / *Low x2) -6/Lower Caves -6/Lower Caves (discovered 2 exits: *Fac / *Zio) -6/Zion (discovered 2 exits: [*Dee] / [*Pro]) -6/Deep Caves -5/Proximity Caves -5/Factory (discovered 5 exits: Fac x2 / *Upp / *Ext x2) -5/Waste -5/Factory (discovered 4 exits: Upp x2 / *Ext x2) -5/Extension (discovered 2 exits: *Fac / *Cet) -5/Cetus (discovered 3 exits: *Fac x2 / *Arc) -5/Archives (discovered 3 exits: *Fac / *Hub x2) -5/Hub_04(d) (discovered 4 exits: *Fac x4) -4/Factory (discovered 3 exits: Upp x2 / Arm) -4/Waste -4/Factory (discovered 3 exits: *Upp x2 / Arm) -4/Upper Caves -4/Upper Caves (discovered 2 exits: Res / *Zhi) -4/Zhirov -3/Proximity Caves -3/Research (discovered 4 exits: *Res x2 / *Qua x2) -3/Quarantine (discovered 2 exits: *Res / *Sec) -3/Section 7 -2/Research (discovered 5 exits: Acc x3 / *Tes x2) -2/Testing -1/Access -1/Command (discovered 2 exits: [Sur] / [*Ac0]) -1/Access_0 0b11 Command History --------- Turn | Location | Event 18 | -11/Scrapyard | Discovered new exit (range 15) 41 | -11/Scrapyard | Entered Materials 46 | -10/Materials | Discovered new exit (range 16) 132 | -10/Materials | Central database locked down 149 | -10/Materials | Entered Mines 306 | -10/Mines | Deemed a non-threat by the Exiles lab entrance 306 | -10/Mines | Discovered new exit (range 5) 317 | -10/Mines | Build established: Mutant 330 | -10/Mines | Received a Rocket Launcher from a helpful Derelict 395 | -10/Mines | Entered Exiles 419 | -10/Exiles | Met 8R-AWN 438 | -10/Exiles | Met EX-HEX 467 | -10/Exiles | Met EX-BIN 493 | -10/Exiles | Met EX-DEC 497 | -10/Exiles | Learned location of Zion (-6) 605 | -10/Exiles | Visited The Gauntlet 767 | -10/Exiles | Discovered new exit (range 14) 779 | -10/Exiles | Entered Mines 884 | -9/Mines | Discovered new exit (range 5) 896 | -9/Mines | Assembled infested the area 945 | -9/Mines | Destroyed 17 combat bots 956 | -9/Mines | Entered Materials 956 | -8/Materials | Evolved 4 slots: Utility x4 987 | -8/Materials | Lost 5 parts (1p2n2w) 1235 | -8/Materials | Repaired Rocket Launcher 1280 | -8/Materials | Discovered new exit (range 18) 1398 | -8/Materials | Build established: Scavenger-Mutant 1434 | -8/Materials | Entered Factory 1434 | -7/Factory | Evolved 2 slots: Utility x2 1578 | -7/Factory | Lost 7 parts (1p2n2u2w) 1814 | -7/Factory | Lost 4 parts (1n3w) 2046 | -7/Factory | Repaired Broken Enh. Autogun 2193 | -7/Factory | Sucked down chute 2193 | -7/Factory | Entered Waste 2194 | -7/Waste | Met a frightened Derelict 2205 | -7/Waste | Spotted C-40 Crusher 2207 | -7/Waste | Spotted C-40 Crusher 2223 | -7/Waste | Destroyed C-40 Crusher 2227 | -7/Waste | Warlord forces began an assault 2228 | -7/Waste | Spotted C-40 Crusher 2229 | -7/Waste | Allies destroyed C-40 Crusher 2236 | -7/Waste | Allies destroyed C-40 Crusher 2245 | -7/Waste | Found Damper Plating 2258 | -7/Waste | Found Damper Plating 2273 | -7/Waste | Found Damper Plating 2276 | -7/Waste | Found Damper Plating 2315 | -7/Waste | Spotted C-40 Crusher 2325 | -7/Waste | Allies destroyed C-40 Crusher 2406 | -7/Waste | Discovered new exit (range 18) 2499 | -7/Waste | Entered Factory 2499 | -7/Factory | Accompanied by 13 allies 2735 | -7/Factory | Identified exit to Lower Caves 3306 | -7/Factory | Build established: Hauler-Mutant 3449 | -7/Factory | Core integrity fell below 50% 3857 | -7/Factory | Entered Lower Caves 3994 | -7/Lower Caves | Identified exit to Lower Caves 4246 | -7/Lower Caves | Encountered a Warlord checkpoint 4416 | -7/Lower Caves | Learned Factory interactive machine intel 4742 | -7/Lower Caves | Attracted the attention of an 0b10 checkpoint 4781 | -7/Lower Caves | Learned location of 1 exit from Factory 5352 | -7/Lower Caves | Entered another Lower Caves area 5354 | -7/Lower Caves | Attracted the attention of an 0b10 checkpoint 6244 | -7/Lower Caves | Found Alien Artifact 6244 | -7/Lower Caves | Identified Core Expander 6244 | -7/Lower Caves | Installed Core Expander, added new Weapon slot 6581 | -7/Lower Caves | Discovered new exit (range 8) 6630 | -7/Lower Caves | Build established: Hauler-Tank 6726 | -7/Lower Caves | Entered Data Miner 6728 | -7/Data Miner | Discovered new exit (range 6) 6762 | -7/Data Miner | Met Data Miner 6796 | -7/Data Miner | Learned location of Section 7 (-3) 6796 | -7/Data Miner | Acquired the access code to Warlord's prototype stash 6823 | -7/Data Miner | Received God Mode back door access code from Data Miner 6898 | -7/Data Miner | Entered Proximity Caves 6958 | -6/Proximity Caves | Learned Factory terminal intel 7197 | -6/Proximity Caves | Learned location of 1 exit from Factory 7275 | -6/Proximity Caves | Escorted by Enhanced Grunt 7436 | -6/Proximity Caves | Discovered new exit (range 5) 7476 | -6/Proximity Caves | Entered Factory 7476 | -6/Factory | Evolved 2 slots: Utility x2 7477 | -6/Factory | Identified exit to Factory 7478 | -6/Factory | Loaded intel: 46 interactive machine locations 7479 | -6/Factory | Loaded intel: 20 terminal locations 7677 | -6/Factory | Garrison activated, responded to threat 7831 | -6/Factory | Build established: Hauler-Skirmisher 8005 | -6/Factory | Fabricated Force Rifle (x2) 8115 | -6/Factory | Spotted B-75 Beast 8209 | -6/Factory | Identified exit to Lower Caves 8305 | -6/Factory | Destroyed B-75 Beast 8824 | -6/Factory | Lost 3 parts (1u2w) 8886 | -6/Factory | Repaired Broken Shock Bomb Launcher 8940 | -6/Factory | Repaired Force Rifle 9175 | -6/Factory | Build established: Scavenger-Mutant 9320 | -6/Factory | Fabricated Railgun (x2) 9384 | -6/Factory | Fabricated Railgun (x2) 9445 | -6/Factory | Lost 3 parts (2n1u) 9470 | -6/Factory | Entered Lower Caves 9680 | -6/Lower Caves | Attracted the attention of an 0b10 checkpoint 9824 | -6/Lower Caves | Spotted B-75 Beast 9831 | -6/Lower Caves | Core integrity fell below 50% 9884 | -6/Lower Caves | Destroyed B-75 Beast 9888 | -6/Lower Caves | Lost 6 parts (1p2u3w) 10057 | -6/Lower Caves | Encountered a Warlord checkpoint 10124 | -6/Lower Caves | Build established: Scavenger-Tank 10476 | -6/Lower Caves | Discovered new exit (range 7) 10489 | -6/Lower Caves | Entered another Lower Caves area 10552 | -6/Lower Caves | Learned Research security intel 10552 | -6/Lower Caves | Learned Factory terminal intel 10552 | -6/Lower Caves | Learned Armory garrison access intel 10840 | -6/Lower Caves | Build established: Scavenger-Gunner 11526 | -6/Lower Caves | Discovered new exit (range 10) 11707 | -6/Lower Caves | Entered Zion 11838 | -6/Zion | Discovered new exit (range 16) 11884 | -6/Zion | Build established: Scavenger-Mutant 11972 | -6/Zion | System corruption cleaned by Quarantine Array 12140 | -6/Zion | Gained Derelict followers 12308 | -6/Zion | Acquired unknown access codes intercepted by a Zionite 12797 | -6/Zion | Learned location of Armory (-4) 13070 | -6/Zion | Opened final containment barrier to the Deep Caves 13099 | -6/Zion | Discovered new exit (range 5) 13103 | -6/Zion | Saw the warning signs outside the Deep Caves entrance 13119 | -6/Zion | Entered Deep Caves 13119 | -6/Deep Caves | Accompanied by 7 allies 13691 | -6/Deep Caves | Attacked by Z-Imprinter 13706 | -6/Deep Caves | Build established: Scavenger-Gunner 13706 | -6/Deep Caves | Destroyed Z-Imprinter 13846 | -6/Deep Caves | Found Prototype Protection 13846 | -6/Deep Caves | Identified Zio. Weapon Casing 13875 | -6/Deep Caves | Z-Facility disabled 14029 | -6/Deep Caves | Core integrity fell below 20% 14088 | -6/Deep Caves | Lost 9 parts (1p2n4u2w) 14115 | -6/Deep Caves | Found Prototype Protection 14115 | -6/Deep Caves | Identified Zio. Heavy Carapace 14409 | -6/Deep Caves | Found Surveybot 24 Chip 14410 | -6/Deep Caves | Build established: Scavenger-Mutant 14412 | -6/Deep Caves | Found Surveybot 24 Scanner 15437 | -6/Deep Caves | Discovered new exit (range 6) 15449 | -6/Deep Caves | Entered Proximity Caves 15478 | -5/Proximity Caves | Build established: Scavenger-Gunner 15623 | -5/Proximity Caves | Learned location of 1 exit from Factory 15996 | -5/Proximity Caves | Entered Factory 15996 | -5/Factory | Evolved 2 slots: Propulsion x1, Utility x1 15997 | -5/Factory | Identified exit to Factory 15998 | -5/Factory | Identified exit to Upper Caves 15999 | -5/Factory | Loaded intel: 22 terminal locations 16110 | -5/Factory | Repaired Med. Storage Unit 16309 | -5/Factory | Discovered new exit (range 19) 16328 | -5/Factory | Lost 4 parts (1n2u1w) 17239 | -5/Factory | Discovered new exit (range 14) 17349 | -5/Factory | Fabricated Exp. Sensor Array (x1) 17473 | -5/Factory | Sucked down chute 17473 | -5/Factory | Entered Waste 17488 | -5/Waste | EMP discharged 17514 | -5/Waste | Spotted C-40 Crusher 17530 | -5/Waste | Build established: Hauler-Skirmisher 17541 | -5/Waste | Spotted C-40 Crusher 17547 | -5/Waste | Spotted C-40 Crusher 17587 | -5/Waste | Spotted C-40 Crusher 17588 | -5/Waste | EMP discharged 17617 | -5/Waste | Spotted C-40 Crusher 17637 | -5/Waste | Spotted C-40 Crusher 17645 | -5/Waste | Discovered new exit (range 16) 17688 | -5/Waste | EMP discharged 17688 | -5/Waste | Entered Factory 17889 | -5/Factory | Garrison activated, responded to threat 18039 | -5/Factory | Lost 3 parts (1n2w) 18363 | -5/Factory | Identified exit to Extension 18728 | -5/Factory | Entered Extension 18961 | -5/Extension | Core integrity fell below 50% 18994 | -5/Extension | Lost 4 parts (1p1n1u1w) 19167 | -5/Extension | Rescued A7 19369 | -5/Extension | Build established: Scavenger-Tank 19589 | -5/Extension | Rescued a captive Derelict 19652 | -5/Extension | Rescued a captive Derelict 19656 | -5/Extension | Rescued a captive Derelict 19843 | -5/Extension | Rescued a captive Derelict 19881 | -5/Extension | Rescued a captive Derelict 19881 | -5/Extension | Rescued a captive Derelict 19881 | -5/Extension | Central database locked down 19949 | -5/Extension | Discovered new exit (range 19) 19961 | -5/Extension | Discovered exit to Factory (range 17) 20004 | -5/Extension | Entered Cetus 20004 | -5/Cetus | Accompanied by 15 allies (A7) 20009 | -5/Cetus | Acquired a Cetus Manufacturing Module code from A7 20042 | -5/Cetus | Spotted Cetus Guard 20042 | -5/Cetus | Spotted Cetus Guard 20045 | -5/Cetus | Allies destroyed Cetus Guard 20045 | -5/Cetus | Spotted Cetus Guard 20050 | -5/Cetus | Allies destroyed Cetus Guard 20059 | -5/Cetus | Allies destroyed Cetus Guard 20088 | -5/Cetus | Discovered exit to Factory (range 15) 20241 | -5/Cetus | Discovered new exit (range 16) 20286 | -5/Cetus | Spotted Cetus Guard 20286 | -5/Cetus | Spotted Cetus Guard 20288 | -5/Cetus | Spotted Cetus Guard 20289 | -5/Cetus | Spotted Cetus Guard 20296 | -5/Cetus | Allies destroyed Cetus Guard 20298 | -5/Cetus | Allies destroyed Cetus Guard 20303 | -5/Cetus | Discovered exit to Factory (range 15) 20304 | -5/Cetus | Allies destroyed Cetus Guard 20309 | -5/Cetus | Allies destroyed Cetus Guard 20314 | -5/Cetus | Met Revision 17 20394 | -5/Cetus | Escorted A7 to Cetus Mainframe 20451 | -5/Cetus | Central database locked down 20567 | -5/Cetus | Started Cetus Manufacturing Module 20592 | -5/Cetus | Manufactured an Enhanced Grunt 20617 | -5/Cetus | Manufactured an Enhanced Grunt 20642 | -5/Cetus | Manufactured an Enhanced Grunt 20667 | -5/Cetus | Manufactured an Enhanced Grunt 20692 | -5/Cetus | Manufactured an Enhanced Grunt 20717 | -5/Cetus | Found a strange terminal 20768 | -5/Cetus | Identified exit to Archives 20776 | -5/Cetus | Entered Archives 20776 | -5/Archives | Accompanied by 10 allies (A7) 20781 | -5/Archives | Received a hacking code to weaken MAIN.C 20794 | -5/Archives | Discovered exit to Factory (range 20) 20828 | -5/Archives | Discovered new exit (range 16) 20845 | -5/Archives | Discovered new exit (range 19) 20939 | -5/Archives | Identified exit to Hub_04(d) 20945 | -5/Archives | Entered Hub_04(d) 20945 | -5/Hub_04(d) | Accompanied by 7 allies 20948 | -5/Hub_04(d) | Discovered exit to Factory (range 17) 21014 | -5/Hub_04(d) | Discovered exit to Factory (range 18) 21067 | -5/Hub_04(d) | Discovered exit to Factory (range 15) 21173 | -5/Hub_04(d) | Garrison activated, responded to threat 21180 | -5/Hub_04(d) | Discovered exit to Factory (range 18) 21245 | -5/Hub_04(d) | First assault squad dispatched 21262 | -5/Hub_04(d) | Incoming assault squad redirected 21267 | -5/Hub_04(d) | Incoming assault squad redirected 21571 | -5/Hub_04(d) | Network Hub disabled 21619 | -5/Hub_04(d) | Network Hub disabled 21646 | -5/Hub_04(d) | Entered Factory 21646 | -4/Factory | Evolved 2 slots: Propulsion x1, Utility x1 21906 | -4/Factory | Spotted B-86 Titan 21938 | -4/Factory | First assault squad dispatched 21962 | -4/Factory | Incoming assault squad redirected 21966 | -4/Factory | Incoming assault squad redirected 22019 | -4/Factory | Identified exit to Upper Caves 22019 | -4/Factory | Identified exit to Armory 22032 | -4/Factory | Manually triggered Chute Trap 22032 | -4/Factory | Sucked down chute 22032 | -4/Factory | Entered Waste 22033 | -4/Waste | Met a frightened Derelict 22041 | -4/Waste | Spotted C-40 Crusher 22044 | -4/Waste | Spotted C-40 Crusher 22044 | -4/Waste | Spotted C-40 Crusher 22047 | -4/Waste | EMP discharged 22054 | -4/Waste | Met Warlord forces unprepared to attack 22060 | -4/Waste | Allies destroyed C-40 Crusher 22062 | -4/Waste | Allies destroyed C-40 Crusher 22066 | -4/Waste | Spotted C-40 Crusher 22078 | -4/Waste | Allies destroyed C-40 Crusher 22085 | -4/Waste | Spotted C-40 Crusher 22087 | -4/Waste | Allies destroyed C-40 Crusher 22098 | -4/Waste | Allies destroyed C-40 Crusher 22104 | -4/Waste | Spotted C-40 Crusher 22114 | -4/Waste | Allies destroyed C-40 Crusher 22128 | -4/Waste | Discovered new exit (range 12) 22132 | -4/Waste | Identified exit to Factory 22132 | -4/Waste | Entered Factory 22215 | -4/Factory | Fabricated Exp. Sensor Array (x1) 22255 | -4/Factory | Fabricated Exp. Signal Interpreter (x1) 22282 | -4/Factory | Fabricated Adv. ECM Suite (x1) 22370 | -4/Factory | Repaired Adv. Cloaking Device 22385 | -4/Factory | Repaired Hvy. Rocket Launcher 22496 | -4/Factory | Entered Upper Caves 22590 | -4/Upper Caves | Build established: Wizard-Ninja 22663 | -4/Upper Caves | Discovered new exit (range 23) 22690 | -4/Upper Caves | Identified exit to Upper Caves 22690 | -4/Upper Caves | Entered another Upper Caves area 22692 | -4/Upper Caves | Discovered new exit (range 20) 22735 | -4/Upper Caves | Learned Research emergency access door positions 22794 | -4/Upper Caves | Discovered new exit (range 24) 22815 | -4/Upper Caves | Identified exit to Zhirov 22815 | -4/Upper Caves | Entered Zhirov 22815 | -4/Zhirov | Discovered new exit (range 3) 22824 | -4/Zhirov | Met Zhirov 22830 | -4/Zhirov | Learned location of Quarantine (-3) 22830 | -4/Zhirov | Learned location of Testing (-2) 22830 | -4/Zhirov | Learned location of Command (-1) 22834 | -4/Zhirov | Zhirov requested help retrieving the SGEMP Prototype 22840 | -4/Zhirov | Found Alien Artifact 22845 | -4/Zhirov | Found Alien Artifact 22845 | -4/Zhirov | Identified Integrated Reactor 22845 | -4/Zhirov | Installed Integrated Reactor, increased core energy generation (+10) 22897 | -4/Zhirov | Identified exit to Proximity Caves 22897 | -4/Zhirov | Entered Proximity Caves 22907 | -3/Proximity Caves | Spotted B-86 Titan 22925 | -3/Proximity Caves | System corruption reached 10% 23061 | -3/Proximity Caves | Discovered new exit (range 17) 23068 | -3/Proximity Caves | Identified exit to Research 23068 | -3/Proximity Caves | Entered Research 23068 | -3/Research | Evolved 2 slots: Utility x2 23094 | -3/Research | Discovered new exit (range 22) 23232 | -3/Research | Fabricated Imp. Fusion Compressor (x1) 23275 | -3/Research | Local fabrication network quarantined 23295 | -3/Research | Fabricated Inertial Stasis Machine (x1) 23328 | -3/Research | Identified Transdimensional Reconstructor 23336 | -3/Research | Found Unknown Launcher 23356 | -3/Research | Identified exit to Quarantine 23356 | -3/Research | Central database locked down 23377 | -3/Research | Discovered new exit (range 16) 23378 | -3/Research | Identified Fusion Bomb Launcher 23483 | -3/Research | Identified exit to Research 23526 | -3/Research | Entered Quarantine 23636 | -3/Quarantine | Repaired Lrn. Terrain Scanner 23682 | -3/Quarantine | Repaired Broken Cld. Impulse Thruster 23706 | -3/Quarantine | Repaired Field Propulsion Array 23723 | -3/Quarantine | Repaired Adv. ECM Suite 23784 | -3/Quarantine | Repaired Adv. Cloaking Device 23823 | -3/Quarantine | Discovered exit to Research (range 20) 23930 | -3/Quarantine | Found Alien Artifact 23949 | -3/Quarantine | Identified Subatomic Replicator 24170 | -3/Quarantine | Found Alien Impact Weapon 24274 | -3/Quarantine | Spotted Fortress 24294 | -3/Quarantine | Discovered new exit (range 5) 24295 | -3/Quarantine | Identified exit to Section 7 24295 | -3/Quarantine | Entered Section 7 24319 | -3/Section 7 | Found Alien Artifact 24329 | -3/Section 7 | Identified Integrated Dissipator 24329 | -3/Section 7 | Installed Integrated Dissipator, increased core heat dissipation (+20) 24349 | -3/Section 7 | Discovered exit to Research (range 24) 24599 | -3/Section 7 | Found Alien Artifact 24612 | -3/Section 7 | Identified Core Reset Matrix 24649 | -3/Section 7 | Found Alien Artifact 24704 | -3/Section 7 | Found Alien Artifact 24741 | -3/Section 7 | Identified Integrity Redistributor (x2) 24835 | -3/Section 7 | Found Integrated Reactor 24835 | -3/Section 7 | Installed Integrated Reactor, increased core energy generation (+10) 24978 | -3/Section 7 | Spotted Alpha 7 24993 | -3/Section 7 | Spotted Alpha 7 25063 | -3/Section 7 | Spotted Executioner 25064 | -3/Section 7 | Spotted Executioner 25074 | -3/Section 7 | Warped through subspace 25093 | -3/Section 7 | Found Transdimensional Reconstructor 25094 | -3/Section 7 | Found Transdimensional Reconstructor 25096 | -3/Section 7 | Found Transdimensional Reconstructor 25415 | -3/Section 7 | Spotted B-99 Colossus 25433 | -3/Section 7 | Found Alien Artifact 25433 | -3/Section 7 | Identified LRC Storage 25433 | -3/Section 7 | Installed LRC Storage, increased inventory capacity (+2) 25438 | -3/Section 7 | Found Alien Artifact 25438 | -3/Section 7 | Identified LRC Boosters 25438 | -3/Section 7 | Installed LRC Boosters, increased mass support (+10) 25655 | -3/Section 7 | Found Alien Energy Gun 25655 | -3/Section 7 | Identified Sigix Quantum Sheargun 26061 | -3/Section 7 | Build established: Wizard-Sprinter 26399 | -3/Section 7 | Repaired Adv. Cloaking Device? 26540 | -3/Section 7 | Repaired Mic. Fission Core 26609 | -3/Section 7 | Repaired Com. HERF Cannon 26769 | -3/Section 7 | Spotted S7 Guard 26770 | -3/Section 7 | Found Alien Artifact 26817 | -3/Section 7 | Identified Integrated Heat Negator 26817 | -3/Section 7 | Installed Integrated Heat Negator, increased core heat dissipation (+40) 27013 | -3/Section 7 | Entered Research 27013 | -2/Research | Evolved 2 slots: Utility x2 27107 | -2/Research | Identified exit to Testing 27515 | -2/Research | System corruption reached 10% 27550 | -2/Research | Lost 3 parts (1n1u1w) 27583 | -2/Research | Fabricated Exp. Sensor Array? 27661 | -2/Research | Fabricated Plasma Lance? 27762 | -2/Research | Fabricated Exp. Q-thruster (x1) 27894 | -2/Research | Repaired Inertial Stasis Machine 27927 | -2/Research | Found Enh. Force Lance 27930 | -2/Research | Lost 3 parts (1p1n1u) 27951 | -2/Research | Repaired Adv. Reaction Control System 27969 | -2/Research | Repaired Lrg. Storage Unit 27987 | -2/Research | Found Prototype Hackware 27987 | -2/Research | Identified Exp. System Shield 27989 | -2/Research | Found Prototype Slashing Weapon 28008 | -2/Research | Identified Nanosword 28060 | -2/Research | Found Prototype Launcher 28082 | -2/Research | Repaired Imp. Fusion Compressor? 28312 | -2/Research | Discovered new exit (range 24) 28361 | -2/Research | Fabricated Dimensional Manipulator? 28422 | -2/Research | Identified Enh. Gamma Bomb Array 28425 | -2/Research | Discovered new exit (range 23) 28425 | -2/Research | Discovered new exit (range 20) 28446 | -2/Research | Entered Testing 28481 | -2/Testing | Found Prototype Hackware 28511 | -2/Testing | Identified Ghost Barrier 28544 | -2/Testing | Discovered new exit (range 19) 28561 | -2/Testing | Identified exit to Access 28599 | -2/Testing | Repaired Cld. Impulse Thruster 28648 | -2/Testing | Fabricated System Backup Module (x2) 28648 | -2/Testing | Local fabrication network quarantined 28650 | -2/Testing | Fabricated Femtoactuators? 28736 | -2/Testing | Found Prototype Hackware 28736 | -2/Testing | Identified System Mapper 29066 | -2/Testing | Found Prototype Device 29069 | -2/Testing | Identified Exp. Transmission Jammer 29313 | -2/Testing | Found Portable AFG 29364 | -2/Testing | Entered Access 29364 | -1/Access | Evolved 2 slots: Utility x2 29460 | -1/Access | Repaired Adv. Force Field? 29470 | -1/Access | Fabricated Exp. Melee Analysis Suite? 29729 | -1/Access | Repaired Com. Particle Reactor 29772 | -1/Access | Identified exit to Command 29862 | -1/Access | Fabricated Plasma Lance? 29998 | -1/Access | Fabricated Lgt. Regenerative Plating? 30017 | -1/Access | Repaired Adv. Reaction Control System 30345 | -1/Access | Entered Command 30479 | -1/Command | Spotted M Guard 30480 | -1/Command | Spotted Combat Programmer 30481 | -1/Command | Spotted M Guard 30484 | -1/Command | Spotted Combat Programmer 30485 | -1/Command | Destroyed Combat Programmer 30498 | -1/Command | Destroyed Combat Programmer 30513 | -1/Command | Destroyed M Guard 30526 | -1/Command | Destroyed M Guard 30526 | -1/Command | All MAIN.C guards destroyed 30542 | -1/Command | Found Prototype Reactor 30573 | -1/Command | Used Integrity Redistributor, redistributed integrity from core (-106) 30594 | -1/Command | Met MAIN.C 30597 | -1/Command | 0b10 Conduit disabled 30603 | -1/Command | Destroyed MAIN.C Shell 30604 | -1/Command | MAIN.C activated Command garrisons 30621 | -1/Command | Destroyed MAIN.C 30623 | -1/Command | Found Prototype Device 30624 | -1/Command | Identified Exp. Shock Absorption System 30626 | -1/Command | Found Prototype Processor 30626 | -1/Command | Identified Exp. Targeting Computer 30629 | -1/Command | Found Prototype Processor 30629 | -1/Command | Identified Exp. Target Analyzer 30633 | -1/Command | Found Prototype Reactor 30633 | -1/Command | Identified Zero-point Reactor (x2) 30670 | -1/Command | Discovered new exit (range 24) 30847 | -1/Command | Destroyed 10 combat bots 30896 | -1/Command | Spotted B-99 Colossus 31149 | -1/Command | Spotted Alpha 7 31264 | -1/Command | Destroyed Alpha 7 31395 | -1/Command | Used Integrity Redistributor, redistributed integrity from core (-43) 31397 | -1/Command | Used Subatomic Replicator to replicate Dimensional Manipulator 31404 | -1/Command | Warped through subspace to slip node 31404 | -1/Command | Discovered new exit (range 5) 31407 | -1/Command | Entered Access_0 31408 | -1/Access_0 | Met Architect 31418 | -1/Access_0 | Subspace Access Node disabled 31426 | -1/Access_0 | Found Integrated Dissipator 31426 | -1/Access_0 | Installed Integrated Dissipator, increased core heat dissipation (+20) 31441 | -1/Access_0 | Found Alien Artifact 31441 | -1/Access_0 | Identified Hpw. Transdimensional Reconstructor 31441 | -1/Access_0 | Warped through subspace to slip node 31441 | -1/Access_0 | Discovered new exit (range 8) 31443 | *** | Establishing 0b11! Last Messages --------------- [Achievement: Behind The Curtain] 31408_ Acquired Exp. Q-thruster. 31409_ Enhanced Grunt springs to life. 31410_ A0_COM: INTRUDER ALERT. CALLING ALL ARCHITECTS. 31410_ Quantum Shear penetrates Wall. 31418_ Subspace Access Node disabled. 31424_ Workstation disabled. 31426_ Dropped Adv. Phase Shifter. 31426_ Acquired Integrated Dissipator. 31426_ Integrated Dissipator installed, core heat dissipation increased (+20). 31428_ Acquired Adv. Phase Shifter. 31430_ Quantum Shear penetrates Wall. 31438_ Workstation disabled. 31440_ Dropped Adv. Phase Shifter. 31441_ Acquired Alien Artifact. 31441_ Identified Hpw. Transdimensional Reconstructor. 31441_ Warped through subspace, drawn to slip node. 31441_ EXIT=FOUND [Achievement: Commander 0b11] Map ----- +----------------------------------------------------+ | | | | | | | | | | | | | | | | | | | | | | | | | | | | | | | | | ?????#?#?#?????#?#?#??????#???#?#?#???#?##???????? | | ????#?##???##?#?#####?????##??##??#???#?#????????? | | ?????#???#????##?#??##??????#????###?????#???????? | | ???????#?##?###??####?##?????#?????#?#?????###???? | | ????#?????#???#??##??##??#?????#???#?#####?#?????? | | ????????###??#??##?##????#??#???#??#????#????#???? | | ????####?????#####?##?######?#??#?#?#???#????????? | | ?????#??#?#???????##?#?## ##????##????#???#?#?#??? | | ?????????#?????????#???# #??#?????#?###?####?#?? | | ??###???#????##??#???#?# @ #?#????#????##????????? | | ????#??#??##?#?????##?## #???#?#?##??#??####???? | | ?#??#?#?#?###?????##?## #????#???????##???????? | | ?##?????#?#??###??#?#?# ##??#?#?##??????##??#??? | | ????#?#?#??????####?#### #??#?##?#####??#?#????? | | ???????#?#?##?#??##??## #?#??????#?###??###?#?? | | ?##?#?##??#????#???#### ##?#??#?????##?##????#?? | | ???#????#??#????#???#?# < #?#?????#???##?#?#?#??? | | ???????###??#?#??###??# ####?###??####??##???#?? | | ?#?#?#?????#??????????## #????????#???####?#????? | | ???#?##?????#???#??#???####??#?????#????##????##?? | | ?#???##??#?#?#?????##??#####?#?????#???#???#?#???? | | ????#?#?#??##????#????#?###?###??##??#??###??#???? | | ????##?#??##?????#????#?#??###?##?????#??#??##?#?? | | ????#??#?#???#?####??#?#?#??#??#???#???##?#?#????? | | ????#????#?#??##?#?#???#???#????#?#????#??#?#????? | | ????#???#?#????##??##??##?????#?#?##??#??#???????? | | ??????##?##?????????#?#?#??##??#?#??#???????#????? | | ?????#??#??#??#??#??#??????#?#?#?##??###?????#???? | | ?????#?#????###?????#????##?###?#???????#?#??????? | | ??????????##?####?#???###?###??#???#?????#???????? | | ???????????###????????#??##??#?#??#??##??????????? | | ????????????#???#?#??###?##?#?##??#?#?#??????????? | | ??????????#??#?#????????????#?#??????????????????? | | ????????????????#??##????#???#??#??#####?????????? | +----------------------------------------------------+ Best States ------------- Heat Dissipation 132 Energy Generation 61 Energy Capacity 1290 Matter Stores 300 Matter Capacity 800 Sight Range 18 Robot Scan Range 30 Terrain Scan Range 24 Terrain Scan Density 2010 ECM Strength 3 Jamming Range 22 Cloak Strength 4 Power Amplification 30 Additional Mass Support 41 Armor Coverage 2700 Resistance: EM 90 Power Shielding 66 Propulsion Shielding 90 Utility Shielding 66 Weapon Shielding 100 Melee Speed Boost 50 Phase Shifting 15 Evasion (%) 95 Targeting Accuracy 6 Melee Accuracy 12 Target Analysis 12 Armor Integrity Analysis 66 Recoil Reduction 4 Matter Filtering 30 Particle Charging 20 Kinecelleration 40 Salvage Targeting 4 Offensive Hacking 70 Defensive Hacking 40 Item Schematics ----------------- Phase Cannon | -7/Factory | Hacked Fission Core | -7/Factory | Hacked Imp. Plasma Cutter | -7/Factory | Hacked Shock Bomb Launcher | -7/Factory | Scanalyzed Combat Drone Bay | -7/Data Miner | Free Lgt. Regenerative Plating | -7/Data Miner | Free Cloaking Device | -7/Data Miner | Free Kinetic Spear | -7/Data Miner | Free Force Rifle | -6/Factory | Hacked Drone Bay | -6/Factory | Scanalyzed Energy Well | -6/Factory | Scanalyzed Exp. Sensor Array | -5/Factory | Hacked Adv. Phase Shifter | -5/Factory | Scanalyzed Exp. Signal Interpreter | -5/Factory | Hacked Adv. Heavy Treads | -5/Factory | Hacked Exp. Utility Shielding | -5/Extension | Hacked Adv. Reaction Control System | -4/Factory | Scanalyzed Imp. Hacking Suite | -4/Factory | Scanalyzed Adv. ECM Suite | -4/Factory | Hacked Imp. Force Field | -4/Factory | Hacked Inertial Stasis Machine | -4/Factory | Hacked Imp. Fusion Compressor | -4/Factory | Hacked Exp. Melee Analysis Suite | -4/Factory | Hacked Assault Drone Bay | -4/Zhirov | Free Exp. Heat Sink | -4/Zhirov | Free Exp. Optical Array | -4/Zhirov | Free Imp. Arc Thrower | -4/Zhirov | Free Imp. Remote Force Field | -3/Research | Scanalyzed Cld. Nuclear Pulse Thruster | -3/Research | Scanalyzed Fusion Bomb Launcher | -3/Research | Scanalyzed Exp. Propulsion Shielding | -3/Research | Scanalyzed Adv. Cloaking Device | -3/Research | Scanalyzed Cld. Impulse Thruster | -3/Quarantine | Scanalyzed Cld. Q-thruster | -3/Quarantine | Hacked Plasma Lance | -3/Section 7 | Hacked Exp. Q-thruster | -2/Research | Scanalyzed Femtoactuators | -2/Research | Hacked Dimensional Manipulator | -2/Research | Hacked Com. Particle Reactor | -2/Research | Scanalyzed Nanosword | -2/Research | Scanalyzed System Backup Module | -2/Testing | Hacked Robot Schematics ------------------ S-27 Virus | -7/Data Miner | Free G-50 Soldier | -7/Data Miner | Free L-41 Fighter | -7/Data Miner | Free G-67 Veteran | -7/Data Miner | Free H-66 Slayer | -7/Data Miner | Free I-36 Angel | -7/Data Miner | Free I-47 Archangel | -7/Data Miner | Free Fabricated ------------ Force Rifle | x2 | -6/Factory Railgun | x2 | -6/Factory | Preloaded Railgun | x2 | -6/Factory | Preloaded Exp. Sensor Array | x1 | -5/Factory Exp. Sensor Array | x1 | -4/Factory Exp. Signal Interpreter | x1 | -4/Factory Adv. ECM Suite | x1 | -4/Factory Imp. Fusion Compressor | x1 | -3/Research Inertial Stasis Machine | x1 | -3/Research Exp. Sensor Array | x1 | -2/Research Plasma Lance | x1 | -2/Research Exp. Q-thruster | x1 | -2/Research Dimensional Manipulator | x1 | -2/Research System Backup Module | x2 | -2/Testing Femtoactuators | x1 | -2/Testing Exp. Melee Analysis Suite | x1 | -1/Access Plasma Lance | x1 | -1/Access Lgt. Regenerative Plating | x1 | -1/Access Alien Tech Used ----------------- Core Expander Integrated Reactor Integrated Dissipator Transdimensional Reconstructor LRC Storage LRC Boosters Sigix Quantum Sheargun Integrated Heat Negator Integrity Redistributor Subatomic Replicator High-powered Transdimensional Reconstructor Achievements -------------- Behind The Curtain Commander 0b11 Corridor Of Doom Meet Your Maker Origins void main() Challenges ------------ None Game ------ Seed PointFlakAnalyzer Manual? 0 Play Time 13:05:21 Cumulative 254.1 hours Start 2020.09.19 @ 11:26:16 End 2020.09.21 @ 10:01:58 Sessions 41 Manual Loads 0 Difficulty Rogue Special Mode None Game No. 127 Rogue 127 Adventurer 0 Explorer 0 Win Type 1 Total 10 Types 7/1/1/1/0/0/0/0/0 Lore% 67 Gallery% 82 Achievement% 66 Wizard Run 0 Options --------- ASCII 0 Keyboard 0 Movement Mouse Keybinds 0 Fullscreen 1 Font 24/Smallcaps Map View 76x50 Tactical HUD 1 Map Filters NONE Filters NONE Steam 1 RUN: c1b7e095-717d-4f1c-96e8-f4e1d6b8f597